 Dungeon Crawl Stone Soup version 0.31.0-12-g77e489cdc1 (webtiles) character file.

Game seed: 396840097751955319

2411848 Ntrails the Slayer (level 27, 399/399 HPs)
             Began as a Minotaur Shapeshifter on Feb 24, 2024.
             Was a Follower of Uskayaw.
             Escaped with the Orb
             ... and 5 runes on Mar 3, 2024!
             The game lasted 07:22:13 (115897 turns).

Ntrails the Slayer (Minotaur Shapeshifter)        Turns: 115897, Time: 07:22:13

Health: 399/399    AC: 29    Str: 35    XL:     27
Magic:  36/36      EV: 17    Int: 18    God:    Uskayaw [*.....]
Gold:   3354       SH: 22    Dex: 10    Spells: 28/46 levels left

rFire   + +          +
                       - Unarmed
rCold   + + .        a - +0 tower shield "Baqumot" {^Contam Str+6 Int+8}
rNeg    + + +        r - +0 plate armour of the Cobbler {rN++ Will+ Str-2}
rPois   +            (helmet unavailable)
rElec   +            t - +2 cloak of Ru's Hope {+Inv Fly rElec Will++ Dex-2}
rCorr   +            d - +0 pair of gloves of the Arcane {Slay+5}
SInv    .            H - +2 pair of slick slippers {slick, slippery, EV+4}
Will    +++++        Y - amulet of Vitality {RegenMP++ Regen++} Stlth
                     l - ring "Misk" {Fly rC+ rN+ AC+4}
HPRegen 2.46/turn    f - ring "Boeris" {rElec rPois rF++ Int+3}
MPRegen 1.05/turn

%: clarity
@: mighty, brilliant, berserking (expiring), resistant, attractive, enlightened,
flying, studying 2 skills, invisible, very quick
A: horns 3, retaliatory headbutt, clarity, deterioration 1, mutation resistance
1
0: Orb of Zot
}: 5/15 runes: serpentine, barnacled, slimy, silver, abyssal
a: Renounce Religion, Evoke Invisibility, Stomp


You escaped.
You worshipped Uskayaw.
Uskayaw was pleased with you.
You visited 13 branches of the dungeon, and saw 57 of its levels.
You visited the Abyss 3 times.
You visited 1 ziggurat, and saw 10 of its levels.
You also visited: Ossuary, Ice Cave, Wizlab and Desolation.

You collected 37521 gold pieces.
You spent 11995 gold pieces at shops.
You paid 22172 gold pieces to Gozag.


Innate Abilities, Weirdness & Mutations

You have a pair of large horns on your head.
You reflexively headbutt those who attack you in melee.
You possess an exceptional clarity of mind.
Your body sometimes deteriorates upon taking damage.
You are somewhat resistant to further mutation.


   Skills:
 - Level 25.0 Fighting
 - Level 16.0 Throwing
 - Level 17.0 Armour
 - Level 14.0 Dodging
 - Level 24.0 Shields
 - Level 24.0 Unarmed Combat
 - Level 10.0 Spellcasting
 + Level 13.7 Translocations
 - Level 5.0 Air Magic
 - Level 5.0 Earth Magic
 + Level 14.2 Invocations
 - Level 11.0 Evocations
 - Level 22.0 Shapeshifting


You had 28 spell levels left.
You knew the following spells:

 Your Spells              Type           Power      Damage    Failure   Level
a - Apportation           Tloc           100%       N/A       1%          1
g - Passage of Golubria   Tloc           73%        N/A       1%          4
l - Lesser Beckoning      Tloc           100%       N/A       1%          2
m - Manifold Assault      Tloc           73%        N/A       1%          4
p - Passwall              Erth           40%        N/A       14%         3
v - Vhi's Electric Charg  Tloc/Air       100%       N/A       8%          4

Your spell library contained the following spells:

 Spells                   Type           Power      Damage    Failure   Level
 Blink                    Tloc           100%       N/A       1%          2
 Gell's Gravitas          Tloc           73%        N/A       1%          3
 Teleport Other           Tloc           73%        N/A       1%          3
 Momentum Strike          Conj/Tloc      100%       3d10      3%          2
 Sandblast                Erth           80%        2d17      4%          1
 Volatile Blastmotes      Fire/Tloc      100%       2d18      7%          3
 Swiftness                Air            40%        N/A       14%         3
 Mercury Vapours          Alch/Air       54%        N/A       21%         2
 Static Discharge         Conj/Air       54%        3-6/arc   21%         2
 Dispersal                Tloc           36%        N/A       21%         6
 Dimensional Bullseye     Hex/Tloc       25%        N/A       22%         4
 Iskenderun's Mystic Bla  Conj/Tloc      50%        2d11      22%         4
 Cigotuvi's Dreadful Rot  Necr/Alch/Air  44%        N/A       28%         2
 Foxfire                  Conj/Fire      52%        2x1d6     36%         1
 Freeze                   Ice            52%        1d6       36%         1
 Kiss of Death            Conj/Necr      52%        2d9       36%         1
 Magic Dart               Conj           52%        1d5       36%         1
 Necrotise                Necr           52%        1d6       36%         1
 Sting                    Conj/Alch      52%        1d6       36%         1
 Summon Small Mammal      Summ           52%        N/A       36%         1
 Stone Arrow              Conj/Erth      54%        3d10      36%         3
 Airstrike                Air            20%        2d(3-19)  43%         4
 Call Imp                 Summ           26%        N/A       50%         2
 Ensorcelled Hibernation  Hex/Ice        26%        N/A       50%         2
 Jinxbite                 Hex            26%        N/A       50%         2
 Scorch                   Fire           26%        2d6       50%         2
 Searing Ray              Conj           26%        2d5       50%         2
 Sublimation of Blood     Necr           13%        N/A       50%         2
 Mephitic Cloud           Conj/Alch/Air  22%        N/A       50%         3
 Summon Forest            Summ/Tloc      25%        N/A       52%         5
 Call Canine Familiar     Summ           13%        N/A       73%         3
 Confusing Touch          Hex            13%        N/A       73%         3
 Dazzling Flash           Conj/Hex       26%        N/A       73%         3
 Frozen Ramparts          Ice            26%        1d4       73%         3
 Fugue of the Fallen      Necr           13%        N/A       73%         3
 Hailstorm                Conj/Ice       13%        3d6       73%         3
 Inner Flame              Hex/Fire       13%        N/A       73%         3
 Ozocubu's Armour         Ice            13%        N/A       73%         3
 Sigil of Binding         Hex            13%        N/A       73%         3
 Summon Ice Beast         Ice/Summ       13%        N/A       73%         3
 Tukima's Dance           Hex            13%        N/A       73%         3
 Vampiric Draining        Necr           13%        2d6       73%         3
 Brom's Barrelling Bould  Conj/Erth      27%        2d5       78%         4
 Leda's Liquefaction      Alch/Erth      13%        N/A       78%         4
 Petrify                  Alch/Erth      27%        N/A       78%         4
 Summon Lightning Spire   Summ/Air       27%        N/A       78%         4
 Dispel Undead            Necr           13%        3d9       98%         4
 Flame Wave               Conj/Fire      13%        2d6       98%         4
 Fulminant Prism          Conj/Alch      6%         3d7       98%         4
 Ignite Poison            Fire/Alch      13%        N/A       98%         4
 Martyr's Knell           Necr/Summ      13%        N/A       98%         4
 Sticky Flame             Fire/Alch      13%        2d5       98%         4
 Summon Blazeheart Golem  Fire/Summ      13%        N/A       98%         4
 Silence                  Hex/Air        13%        N/A       98%         5
 Freezing Cloud           Conj/Ice/Air   11%        6-21      99%         5
 Alistair's Intoxication  Alch           8%         N/A       100%        5
 Curse of Agony           Necr           13%        N/A       100%        5
 Fireball                 Conj/Fire      6%         3d5       100%        5
 Irradiate                Conj/Alch      6%         3d13      100%        5
 Iskenderun's Battlesphe  Conj           13%        2d7       100%        5
 Metabolic Englaciation   Hex/Ice        6%         N/A       100%        5
 Summon Mana Viper        Hex/Summ       13%        N/A       100%        5
 Yara's Violent Unravell  Hex/Alch       6%         3d5       100%        5
 Conjure Ball Lightning   Conj/Air       13%        3x3d6     100%        6
 Eringya's Noxious Bog    Alch           6%         4d6       100%        6
 Plasma Beam              Fire/Air       13%        2x1d24    100%        6
 Sculpt Simulacrum        Ice/Alch       6%         N/A       100%        6
 Starburst                Conj/Fire      6%         6d4       100%        6
 Summon Cactus Giant      Summ           6%         N/A       100%        6
 Haunt                    Necr/Summ      6%         N/A       100%        7
 Malign Gateway           Summ/Tloc      25%        N/A       100%        7
 Monstrous Menagerie      Summ           6%         N/A       100%        7
 Orb of Destruction       Conj           6%         9d6       100%        7
 Spellforged Servitor     Conj/Summ      6%         N/A       100%        7
 Summon Hydra             Summ           6%         N/A       100%        7
 Borgnjor's Revivificati  Necr           6%         N/A       100%        8
 Discord                  Hex            6%         N/A       100%        8
 Disjunction              Tloc           36%        N/A       100%        8
 Ignition                 Fire           6%         3d4       100%        8
 Lehudib's Crystal Spear  Conj/Erth      13%        10d5      100%        8
 Summon Horrible Things   Summ           6%         N/A       100%        8
 Death's Door             Necr           6%         N/A       100%        9

Inventory:

Missiles
 p - 5 throwing nets {=f!f}
 I - 25 javelins
 N - 22 silver javelins
 X - 48 boomerangs
Armour
 a - the +0 tower shield "Baqumot" (worn) {^Contam Str+6 Int+8}
   (You bought it in a shop on level 3 of the Lair of Beasts)

   Str+6:     It affects your strength (+6).
   Int+8:     It affects your intelligence (+8).
   ^Contam:   It causes magical contamination when unequipped.
 d - the +0 pair of gloves of the Arcane (worn) {Slay+5}
   (You bought it in a shop on level 3 of the Lair of Beasts)

   Slay+5:    It affects your accuracy & damage with ranged weapons and melee
   (+5).
 r - the +0 plate armour of the Cobbler (worn) {rN++ Will+ Str-2}
   (You bought it in a shop on level 3 of the Lair of Beasts)

   Str-2:     It affects your strength (-2).
   rN++:      It greatly protects you from negative energy.
   Will+:     It increases your willpower.
 t - the +2 cloak of Ru's Hope (worn) {+Inv Fly rElec Will++ Dex-2}
   (You found it on level 5 of the Pits of Slime)

   Dex-2:     It affects your dexterity (-2).
   rElec:     It insulates you from electricity.
   Will++:    It greatly increases your willpower.
   +Inv:      It lets you turn invisible.
   Fly:       It grants you flight.
 A - the +6 ring mail of Upiu {rC+ Regen+ Int+3}
   (You bought it in a shop on level 5 of the Lair of Beasts)

   Int+3:     It affects your intelligence (+3).
   rC+:       It protects you from cold.
   Regen+:    It increases your rate of health regeneration.
 H - the +2 pair of slick slippers (worn) {slick, slippery, EV+4}
   (You found it on level 2 of the Vaults)

   Slick:     Its wearer cannot be constricted, engulfed, netted or webbed.
   Slippery:  Its wearer slips away from damaging melee attacks, pulling the
   attacker onward.
   EV+4:      It affects your evasion (+4).
Jewellery
 c - the ring of Motemes {rN+ SInv}
   (You found it on level 5 of the Lair of Beasts)

   [ring of see invisible]

   rN+:       It protects you from negative energy.
   SInv:      It lets you see invisible.
 f - the ring "Boeris" (right hand) {rElec rPois rF++ Int+3}
   (You bought it in a shop on level 3 of the Lair of Beasts)

   [ring of poison resistance]

   Int+3:     It affects your intelligence (+3).
   rF++:      It greatly protects you from fire.
   rElec:     It insulates you from electricity.
   rPois:     It protects you from poison
 l - the ring "Misk" (left hand) {Fly rC+ rN+ AC+4}
   (You found it on level 5 of the Pits of Slime)

   [ring of protection]

   AC+4:      It affects your AC (+4).
   rC+:       It protects you from cold.
   rN+:       It protects you from negative energy.
   Fly:       It grants you flight.
 E - the amulet "Totipt" {Faith Harm ^Drain +Blink rCorr}
   (You found it on level 10 of a ziggurat)

   [amulet of faith]

   Faith:     It allows you to gain divine favour quickly.
   +Blink:    It lets you blink.
   rCorr:     It protects you from acid and corrosion.
   ^Drain:    It drains your maximum health when unequipped.
   Harm:      It increases damage dealt and taken.
 G - the ring "Foschuso" {rPois Str+3 Dex+4 Slay+2}
   (You found it on level 3 of the Realm of Zot)

   [ring of poison resistance]

   Str+3:     It affects your strength (+3).
   Dex+4:     It affects your dexterity (+4).
   Slay+2:    It affects your accuracy & damage with ranged weapons and melee
   (+2).
   rPois:     It protects you from poison
 R - the ring "Tevvaoxi" {rElec rCorr}
   (You found it on level 10 of a ziggurat)

   [ring of resist corrosion]

   rElec:     It insulates you from electricity.
   rCorr:     It protects you from acid and corrosion.
 Y - the amulet of Vitality (around neck) {RegenMP++ Regen++}
   (You took it off a fire giant on level 3 of the Depths)

   [amulet of magic regeneration]

   RegenMP:   It increases your rate of magic regeneration.
   Regen++:   It increases your rate of health regeneration.
Wands
 B - a wand of digging (14)
   (You found it on level 1 of the Lair of Beasts)
 F - a wand of charming (15)
   (You took it off a kobold brigand on level 9 of the Dungeon)
 K - a wand of mindburst (29)
   (You took it off Joseph on level 7 of the Dungeon)
 Q - a wand of quicksilver (25)
   (You took it off a merfolk siren on level 1 of the Shoals)
 W - a wand of roots (49)
   (You found it on level 10 of the Dungeon)
Scrolls
 i - 10 scrolls of fog
 m - 7 scrolls of blinking {!r}
 q - 3 scrolls of butterflies
 s - 26 scrolls of teleportation {@r4}
 u - 7 scrolls of revelation
 v - 10 scrolls of vulnerability {!r!r}
 M - 8 scrolls of immolation {!r!r}
 O - 7 scrolls of silence {!r}
 P - 13 scrolls of fear
 T - 4 scrolls of poison {!r}
Potions
 b - 12 potions of lignification {!q}
 e - 10 potions of brilliance
 g - 9 potions of attraction {!q}
 h - 6 potions of enlightenment
 j - 7 potions of resistance
 k - 2 potions of cancellation
 o - 30 potions of curing {@q1}
 w - 2 potions of mutation {!q}
 x - 10 potions of heal wounds {@q2}
 z - 6 potions of ambrosia
 C - 6 potions of might
 D - 5 potions of magic
 U - 5 potions of invisibility
 V - 3 potions of berserk rage {!q}
 Z - 11 potions of haste {@q3}
Miscellaneous
 n - a phial of floods
   (You found it on level 4 of the Shoals)
 y - a lightning rod (4/4)
   (You found it in the Desolation of Salt)
 J - a tin of tremorstones (2/2)
   (You found it in the Desolation of Salt)
 L - a sack of spiders
   (You found it on level 4 of the Shoals)
 S - a phantom mirror
   (You bought it in a shop on level 4 of the Dungeon)

Dungeon Overview and Level Annotations

Branches:
Dungeon (15/15)            Temple (0/1) D:4            Lair (5/5) D:11
 Shoals (4/4) Lair:2        Snake (4/4) Lair:2        Slime (5/5) Lair:5
    Orc (2/2) D:9             Elf (3/3) Orc:2        Vaults (5/5) D:14
  Crypt (3/3) Vaults:2       Tomb (1/3) Crypt:3      Depths (4/4) D:15
   Hell (visited)             Zot (5/5) Depths:4    Ossuary (visited)
  IceCv (visited)          WizLab (visited)         Desolation (visited)
    Dis: Hell:1         Geh: Hell:1         Coc: Hell:1         Tar: Hell:1

Altars:
Ashenzari
Cheibriados
Elyvilon
Gozag
Hepliaklqana
Kikubaaqudgha
Nemelex Xobeh
Qazlal
Ru
Sif Muna
Trog
Uskayaw
Vehumet
Wu Jian
Xom
Zin
The Shining One
Jiyva

Shops:
D:4 *   D:6 *(   D:8 *:   Orc:2 :!*(   Elf:1 [   Elf:3 [[   Lair:2 *
Lair:3 =[=   Lair:5 [[*   Shoals:2 (   Snake:2 [   Snake:4 *   Vaults:1 !
Vaults:2 *   Vaults:3 !   Zot:4 *   Depths:1 *   Depths:4 :[

Portals:
Hell: Depths:1 Depths:2 Depths:3 Depths:4
Abyss: Depths:1 Depths:3
Pandemonium: Depths:1 Depths:2 Depths:3

Annotations:
D:8 exclusion: 3 doors
Elf:2 5 runed translucent doors, exclusion: door
Zot:2 3 runed translucent doors, exclusion: 3 doors, HotelGloriana's ghost, veteran MiBe

#.#.#.[............# #..
#.#.#...........#### #..
#.#.#...........######
#####
#....................#
#....
###.#.......#.######.#
#.... # #...........####
#.# #.... #
###.......#.##.# #.#
#.... #
#......).###.###.# #....
## #......)[)..@..+.#
#....
.#####.#########)#######
#.... ....##.#
#.....).).....# #....
.......# ####.#####.####
##### #####.##
##.#####.## # # ##.###
#.........# ## #
#....########.########
#. #
#....#.'...........+.#
#. #
#......######.######.#
######.


There were no monsters in sight!


Message History

You punch the orange demon! 😎 MP[-3]
You lost 3 mp, and now have 12/36 mp.
Space momentarily warps into an impossible shape!
You pummel the orange demon!!
A Brimstone Fiend comes into view. 😎 MP[-4]
You lost 4 mp, and now have 8/36 mp.
Space momentarily warps into an impossible shape!
You punch the orange demon!
You pummel the Brimstone Fiend!! 😎 MP[-3]
You lost 3 mp, and now have 5/36 mp.
Unknown command.
You miscast Manifold Assault.
You are very lightly contaminated with residual magic.
Nothing appears to happen.
You block the orange demon's attack. 😎 MP[-3]
You lost 3 mp, and now have 2/36 mp.
You block the orange demon's attack. x2 😎 MP[+1]
You pummel the orange demon!!
You kill the orange demon! 😎 MP[+1]
You block the Brimstone Fiend's attack. x2
The Brimstone Fiend hits you but does no damage. 😎 MP[+1] Unknown command.
You closely miss the Brimstone Fiend.
The Brimstone Fiend hits you but does no damage.
You block the Brimstone Fiend's attack. x2
You pummel the Brimstone Fiend!! You headbutt the Brimstone Fiend!!
A daeva comes into view.
It is wielding a +4 scimitar of holy wrath. 😎 MP[+1]
You squash the Brimstone Fiend like an ant!!!
You kill the Brimstone Fiend!
You block the daeva's attack. x2 😎 MP[+1] Unknown command.
You pummel the daeva!! You headbutt the daeva!
You block the daeva's attack. x2 😎 MP[+1]
You pummel the daeva!! You barely miss the daeva.
Your headbutt misses the daeva.
The daeva hits you with a +4 scimitar of holy wrath.
The daeva hits you with a +4 scimitar of holy wrath! 😕 HP[-15] MP[+1]
You take 15 damage, and now have 251/266 hp.
You punch the daeva!
You block the daeva's attack. x2 😕 HP[+1] MP[+1]
The daeva blocks your attack.
Your headbutt misses the daeva. 😕 HP[+2]
You regained 2 hp, and now have 254/266 hp.
Unknown command.
You pummel the daeva!!
The daeva calls down the wrath of the Shining One upon you.
The Shining One smites you!
Your magical contamination has completely faded away. 😕 HP[-10] MP[+1]
You take 10 damage, and now have 244/266 hp.
The daeva blocks your attack. 😕 HP[+1] MP[+1]
The daeva blocks your attack.
You headbutt the daeva!! You block the daeva's attack.
The daeva hits you but does no damage. 😕 HP[+2]
You regained 2 hp, and now have 247/266 hp.
You pummel the daeva!!
You kill the daeva! 😕 HP[+1] MP[+1]
There is a staircase leading out of the dungeon, spattered with blood here. 😕 HP[+2] MP[+1]
You regained 2 hp, and now have 250/266 hp.
You start resting. 😎 HP[+16] MP[+7]
Your hp is fully restored (266).
You regained 7 mp, and now have 21/36 mp.
You start resting. 😎 MP[+15]
Your mp is fully restored (36).
Unknown command.
You're wearing all the rings you can.
Remove which one? (? for menu, Esc to cancel) < or
c - the ring of Motemes {rN+ SInv} > or
f - the ring "Boeris" {rElec rPois rF++ Int+3} You remove the ring of Motemes {rN+ SInv}.
You feel rather light.
l - the ring "Misk" (left hand) {Fly rC+ rN+ AC+4} Unknown command.
Unknown command.
You feel clever all of a sudden.
You fade into invisibility!
You feel very mighty all of a sudden.
You feel protected.
You feel more clever all of a sudden.
You feel more buoyant.
You feel attractive to monsters.
A red film seems to cover your vision as you go berserk!
You feel yourself moving faster!
You feel mighty! 😎 HP[+133]
You now have 399 max hp (+133).
Your hp is fully restored (399).
You feel a strong urge to attack something.
You have escaped!

Skill      XL: |  1  2  3  4  5  6  7  8  9 10 11 12 13 14 15 16 17 18 19 20 21 22 23 24 25 26 27 |
---------------+----------------------------------------------------------------------------------+-----
Fighting       | 2 3 4 5 6 7 9 10 11 12 13 15 18 20 21 22 23 24 25 | 25.0
Unarmed Combat | 4 5 6 7 9 10 11 13 15 16 18 20 21 22 23 24 | 24.0
Armour         | 2 3 4 6 7 8 9 11 13 14 15 17 | 17.0
Dodging        | 3 4 5 6 8 9 11 12 14 | 14.0
Evocations     | 2 4 5 7 11 | 11.0
Shapeshifting  | 6 9 11 12 13 14 16 18 22 | 22.0
Throwing       | 2 5 6 7 11 14 16 | 16.0
Shields        | 4 15 21 23 24 | 24.0
Spellcasting   | 5 8 10 | 10.0
Earth Magic    | 4 5 |  5.0
Translocations | 4 6 13 | 13.7
Invocations    | 14 | 14.2
Air Magic      | 5 |  5.0

Action                     |  1- 3 |  4- 6 |  7- 9 | 10-12 | 13-15 | 16-18 | 19-21 | 22-24 | 25-27 || total
---------------------------+-------+-------+-------+-------+-------+-------+-------+-------+-------++-------
  Melee: Unarmed           |    71 |   178 |   286 |   537 |   899 |  1007 |  1441 |  1537 |  3116 ||  9072
         Headbutt          |     8 |    32 |    54 |   115 |   187 |   201 |   441 |   492 |   773 ||  2303
         Punch             |       |     7 |    18 |    47 |    72 |    95 |   101 |       |       ||   340
         Constrict         |       |       |       |       |       |     9 |       |       |       ||     9
  Throw: Dart              |     2 |       |     4 |    38 |    14 |       |       |       |       ||    58
         Stone             |       |    10 |    56 |    45 |    15 |       |       |       |       ||   126
         Boomerang         |       |       |       |     2 |       |       |       |    45 |    70 ||   117
         Throwing net      |       |       |       |       |       |       |     1 |       |     2 ||     3
   Cast: Apportation       |       |       |       |       |       |       |       |       |    14 ||    14
         Manifold Assault  |       |       |       |       |       |       |       |       |   546 ||   546
         Vhi's Electric Ch |       |       |       |       |       |       |       |       |    15 ||    15
 Invoke: Potion Petition   |       |       |       |     1 |     2 |     2 |     1 |     1 |     6 ||    13
         Call Merchant     |       |       |       |       |     2 |     2 |     2 |     3 |     2 ||    11
         Bribe Branch      |       |       |       |       |       |       |       |       |     1 ||     1
         Stomp             |       |       |       |       |       |       |       |       |     1 ||     1
  Evoke: Wand              |       |       |       |    27 |    29 |    32 |     6 |     8 |    38 ||   140
         Phial of floods   |       |       |       |       |       |       |     1 |       |       ||     1
         Sack of spiders   |       |       |       |       |       |       |     3 |     1 |     2 ||     6
         Lightning rod     |       |       |       |       |       |       |     1 |     6 |    10 ||    17
         Tin of tremorston |       |       |       |       |       |       |       |     5 |     3 ||     8
    Use: Scroll            |       |       |     8 |     9 |    13 |     4 |     8 |    12 |    18 ||    72
         Potion            |       |       |     1 |     3 |     2 |     5 |     5 |     3 |    36 ||    55
   Stab: Distracted        |       |       |       |     3 |     4 |     2 |     5 |    11 |    12 ||    37
         Invisible         |       |       |       |       |       |     1 |       |       |       ||     1
         Held in net/web   |       |       |       |       |       |       |     1 |       |     2 ||     3
         Confused          |       |       |       |       |       |       |     1 |       |       ||     1
         Paralysed         |       |       |       |       |       |       |       |       |    82 ||    82
         Petrified         |       |       |       |       |       |       |       |       |     4 ||     4
         Petrifying        |       |       |       |       |       |       |       |       |     3 ||     3
 Armour: Animal skin       |    24 |       |       |       |       |       |       |       |       ||    24
         Ring mail         |     5 |    81 |   143 |   314 |   106 |       |       |   148 |   581 ||  1378
         Chain mail        |       |       |       |       |   389 |   642 |   696 |   294 |       ||  2021
         Leather armour    |       |       |       |       |    18 |       |       |       |       ||    18
         Skin              |       |       |       |       |       |    33 |       |       |     9 ||    42
         Plate armour      |       |       |       |       |       |       |       |       |   320 ||   320
  Dodge: Dodged            |    46 |    67 |   159 |   240 |   429 |   764 |   594 |   421 |   553 ||  3273
  Block: Tower shield      |       |       |       |       |       |       |   542 |   902 |  1461 ||  2905
   Form: Beast             |     1 |       |       |       |       |       |       |       |       ||     1
                           |       |       |       |     1 |     2 |     1 |       |       |       ||     4
         Blade             |       |       |       |       |     3 |     1 |       |       |       ||     4
         Serpent           |       |       |       |       |     1 |     1 |       |       |       ||     2

Levels and vault maps discovered:
D:1:      shiori_shiawase, layout_basic
D:2:      layout_basic, nicolae_elevator_lobby_asterisk, uniq_terence
D:3:      minmay_goblin_kobold_castle, layout_loops_corners,
          grunt_temple_overflow_magic_moments, old_standard_altar,
          dreamdust_ecumenical_altar_grove, st_stairs_4
D:4:      layout_basic, lemuel_round_altar, nicolae_overflow_hidden_temple,
          chequers_temple_overflow_statue_of_worship,
          gammafunk_temple_overflow_arena, minmay_temple_entry_butterflies,
          chequers_ossuary_entry_cave, nicolae_specific_store
D:5:      gammafunk_steamed_eel, layout_cave_pools,
          mainiacjoe_overflow_chevrons, st_stairs_13, uniq_sigmund,
          uniq_grinder, uniq_menkaure
D:6:      layout_gridville, serial_shops, shop, shop, shop,
          hangedman_abyss_or_decor_stagger
D:7:      layout_loops_ring, uniq_joseph, uniq_jeremiah, uniq_duvessa
D:8:      layout_layer_cave, serial_shops, shop, nicolae_inconvenience_store,
          kennysheep_cluttered_room
D:9:      layout_loops_corners, general_overflow_altar, orc_0_dummy,
          serial_glass, glass_columns_a, glass_columns_a, feat_on_display,
          minmay_strange_pillars, st_stairs_2
D:10:     layout_basic, worldfamousw_hep_ancestral_shrine,
          mainiacjoe_overflow_surrounded_room
D:11:     layout_loops_ring, erik_lair_dragon, amcnicky_mini_pool_medium,
          uniq_amaemon
D:12:     layout_loops_ring, cheibriados_altar_1, uniq_jorgrun, uniq_maurice,
          uniq_psyche
D:13:     layout_basic, uniq_urug, uniq_rupert, uniq_lodul
D:14:     layout_loops_ring, hellmonk_vaults_keyhole,
          nicolae_gozag_cash_rules_everything_around_me, serial_aquarium,
          aquarium_bridge_square [aquarium_subvault_bridge,
          aquarium_subvault_window, aquarium_subvault_bridge,
          aquarium_subvault_bridge], aquarium_window_fake, aquarium_window_1,
          aquarium_view_2b, aquarium_view_2b, aquarium_pool_five, uniq_agnes
D:15:     grunt_enter_depths_magical_seal, layout_loops_ring,
          evilmike_ruin_ashenzari, nicolae_twisty_statue_hallways
Lair:1:   layout_gridlike, pdpol_lair_neglected_garden, uniq_grum
Lair:2:   layout_cave_pods, nicolae_shoals_entry_roost,
          guppyfry_snake_entry_garden, portal_ice_cave_entry_imps,
          serial_bayou_shore_a
Lair:3:   layout_cave_shapes, st_stairs_9, infiniplex_staircase_pool_2,
          lemuel_fruit_fields, serial_bayou_shore_b
Lair:4:   layout_cave_pods, grunt_megastairs_4
Lair:5:   cheibrodos_lair_end_hotspot, layout_regular_city,
          nicolae_slime_entry_slimehenge, nzn_masters_of_martial_movement,
          uniq_sonja
Shoals:1: layout_shoals, uniq_kirke, uniq_donald
Shoals:2: layout_shoals, serial_shops, nicolae_take_the_stairs,
          gammafunk_ghost_grave, uniq_polyphemus
Shoals:3: layout_shoals, nicolae_shoals_arrival_archipelago
Shoals:4: shoals_end_hellmonk_storm_palace [storm_palace_center_circular,
          storm_palace_corner_pillars, storm_palace_corner_reverse_hut,
          storm_palace_corner_blocked, storm_palace_corner_reverse_hut],
          serial_shops
Snake:1:  layout_cave_shapes, st_stairs_2
Snake:2:  hangedman_cross_veins, layout_honeycomb, serial_shops, shop,
          uniq_aizul
Snake:3:  layout_basic, st_stairs_3, grunt_megastairs_2
Snake:4:  grunt_snake_rune_spirals, layout_onion, grunt_ministairs_8,
          nicolae_snake_coiling_death
Slime:1:  layout_caves
Slime:2:  nicolae_slime_jelly_donut, layout_caves
Slime:3:  layout_caves, cheibrodos_slime_lost_civilization_7
Slime:4:  layout_caves
Slime:5:  slime_pit_nicolae_inversion
Orc:1:    layout_caves
Orc:2:    hellmonk_orc_salted, layout_diamond_mine, basic_altar
Elf:1:    eino_elf_arrival_altar, layout_loops_corners, serial_shops,
          nicolae_shop_tiny_glass, hangedman_elf_disciples, hex_large
Elf:2:    elven_hall_of_blades_hangedman_alternative
          [nicolae_blade_entry_area_security], layout_geoelf_diagonals
Elf:3:    elf_hall, layout_geoelf_diagonals, serial_shops, shop,
          nicolae_elf_archery_training
Vaults:1: vaults_standard_mumra_x, nicolae_vaults_double_plus_1,
          nicolae_vaults_little_squares_2, nicolae_vaults_twisting_passages,
          hangedman_vaults_stagger, nicolae_vaults_double_plus_3, v_misc_2,
          vaults_dpeg_emergency_exit, nicolae_vaults_diamond_1,
          nicolae_vaults_surprise_closet_hard, ontoclasm_vaults_decontamination,
          layout_vaults_chaotic_city, serial_shops, shop, uniq_boris,
          uniq_nikola, uniq_norris
Vaults:2: portal_desolation_entry_ruin, minmay_crypt_entry_nasty_monster,
          nicolae_vaults_antechamber_and_loot_room, v_misc_29,
          ontoclasm_vaults_ring_square, nicolae_vaults_turnstiles, v_misc_18,
          nicolae_vaults_sesquioval_fish, nicolae_vaults_layer_cake_slice,
          hangedman_vaults_unwind, nicolae_vaults_little_squares_2,
          nicolae_vaults_shelves_hall, nicolae_vaults_tetromino_T_2,
          layout_vaults_ring, serial_shops, shop, uniq_bai_suzhen,
          uniq_saint_roka, uniq_jory
Vaults:3: mu_enter_wizlab_2, v_misc_27, ontoclasm_vaults_hangar,
          v_alt_pattern_2, vaults_dpeg_diagonal,
          ontoclasm_vaults_loading_screen, nicolae_vaults_little_squares_4,
          layout_vaults_quadrants, serial_shops, shop, uniq_xtahua, uniq_sojobo,
          uniq_mennas
Vaults:4: nicolae_vaults_surprise_closet, ontoclasm_vaults_pinch,
          nicolae_vaults_house_2, hangedman_vaults_impose,
          nicolae_vaults_closet_pinwheel_1, vaults_room_ringed_pool,
          ontoclasm_vaults_misaligned, vaults_room_corners,
          layout_vaults_omnicross, uniq_mara
Vaults:5
Crypt:1:  layout_rooms, evilmike_ambush [evilmike_ambush_outer_corners,
          evilmike_ambush_inner_basic]
Crypt:2:  layout_chaotic_city, ebering_dispersal_statue_hall, st_stairs_4,
          uniq_vv
Crypt:3:  due_elkab, layout_chaotic_city, grunt_ministairs_8
Tomb:1
Depths:1: layout_small_grid, enter_ziggurat_b, grunt_hell_entry_dis_grunt,
          rand_demon_pan_entry_7, chequers_decorated_corner, abyss_entry,
          kennysheep_inner_square, serial_bayou_shore_b
Depths:2: lemuel_flame_loot_2, layout_gridlike, kennysheep_cross_room,
          hell_entry, rand_demon_pan_entry_5, minmay_misc_feat_doors,
          st_stairs_14, lemuel_another_geyser, infiniplex_staircase_river,
          uniq_josephina
Depths:3: grunt_arcs, layout_honeycomb, grunt_pan_entry_in_and_out,
          pf_coc_iceberg, abyss_entry, zin_angel
Depths:4: evilmike_zot_entry_basic, layout_gridlike, hell_entry,
          minmay_alternating_orb, minmay_shoptagon
Hell
Zot:1:    layout_misc_corridors, regret_index_zotdec_obsidian_hm, st_stairs_9,
          uniq_tiamat
Zot:2:    layout_onion_interference, gammafunk_ghost_split, grunt_megastairs_3
Zot:3:    regret_index_all_hallows'_manor, layout_gridlike,
          regret_index_zotdec_serpentine_scales
Zot:4:    layout_misc_corridors, regret_index_zotdec_onion_hex,
          nicolae_shop_clearance
Zot:5:    layout_gridlike

Notes
Turn   | Place    | Note
-------+----------+-------------------------------------------
     0 | D:1      | Ntrails the Minotaur Shapeshifter began the quest for the
                  | Orb.
     0 | D:1      | Reached XP level 1. HP: 16/16 MP: 0/0
     0 | D:1      | magus.rc [v1.11.7]
   293 | D:1      | Reached skill level 2 in Fighting
   338 | D:1      | Reached XP level 2. HP: 24/24 MP: 1/1
   780 | D:2      | Noticed Terence
   844 | D:2      | Reached skill level 3 in Fighting
   931 | D:2      | Reached XP level 3. HP: 25/31 MP: 2/2
  1397 | D:2      | Reached skill level 4 in Unarmed Combat
  1840 | D:3      | Found a sacrificial altar of Ru.
  2012 | D:3      | Reached XP level 4. HP: 40/40 MP: 3/3
  2134 | D:3      | Found a shimmering blue altar of Sif Muna.
  2134 | D:3      | Found an ancient bone altar of Kikubaaqudgha.
  2136 | D:3      | Found a radiant altar of Vehumet.
  2143 | D:3      | You add the spell Magic Dart to your library.
  2143 | D:3      | Got Vehumet's Folio of Conflict
  2281 | D:3      | Found a faded altar of an unknown god.
  2297 | D:3      | Prayed at the altar of an unknown god.
  2297 | D:3      | Became a worshipper of Gozag Ym Sagoz the Greedy
  2403 | D:3      | Reached skill level 4 in Fighting
  2696 | D:4      | Found Hewnap's Specific Store.
  2700 | D:4      | Found Naaklu's General Store.
  2760 | D:4      | Found a staircase to the Ecumenical Temple.
  2819 | D:4      | Found a broken altar of Ashenzari.
  2819 | D:4      | Noticed a bullfrog
  2820 | D:4      | Noticed a yak
  2821 | D:4      | Found a stormy altar of Qazlal.
  2828 | D:4      | Found a transporter.
  2836 | D:4      | Found a transporter.
  2890 | D:4      | Reached XP level 5. HP: 42/47 MP: 4/4
  2921 | D:4      | Found a sand-covered staircase.
  2929 | Ossuary  | Entered an ossuary
  3056 | Ossuary  | Reached skill level 5 in Unarmed Combat
  3068 | Ossuary  | Reached skill level 5 in Fighting
  3171 | Ossuary  | Reached XP level 6. HP: 38/56 MP: 5/5
  3196 | Ossuary  | Reached skill level 6 in Fighting
  3196 | Ossuary  | Reached skill level 6 in Unarmed Combat
  4690 | Ossuary  | Reached XP level 7. HP: 48/64 MP: 6/6
  4784 | Ossuary  | Reached skill level 7 in Fighting
  5093 | Ossuary  | magus.rc [v1.11.7]
  5167 | D:4      | Found a sparkling altar of Nemelex Xobeh.
  5197 | D:4      | Found a hide-covered altar of Uskayaw.
  5197 | D:4      | Found an opulent altar of Gozag.
  5197 | D:4      | Found a white marble altar of Elyvilon.
  5310 | D:4      | Reached skill level 7 in Unarmed Combat
  5663 | D:5      | Entered Level 5 of the Dungeon
  5663 | D:5      | Noticed Sigmund
  5663 | D:5      | Found a bloodstained altar of Trog.
  5793 | D:2      | Killed Terence
  6024 | D:5      | Noticed Grinder
  6031 | D:5      | Paralysed by Grinder for 4 turns
  6119 | D:5      | Paralysed by Grinder for 2 turns
  6139 | D:5      | Paralysed by Grinder for 3 turns
  6151 | D:5      | Killed Grinder
  6152 | D:5      | Reached skill level 2 in Armour
  6152 | D:5      | Reached skill level 3 in Dodging
  6196 | D:5      | Reached XP level 8. HP: 74/74 MP: 7/7
  6512 | D:5      | Found a transporter.
  6533 | D:5      | Noticed Menkaure
  6543 | D:4      | Killed Menkaure
  6544 | D:4      | Reached skill level 8 in Fighting
  6544 | D:4      | Reached skill level 3 in Armour
  6544 | D:4      | Reached skill level 4 in Dodging
  6747 | D:6      | Found Posiugh's Weapon Boutique.
  6755 | D:6      | Reached skill level 8 in Unarmed Combat
  7028 | D:6      | Reached skill level 9 in Fighting
  7063 | D:6      | Found Konwoa Puquc's Assorted Antiques.
  7071 | D:6      | Bought a scroll labelled EVOTABACOTZ for 31 gold pieces
  7071 | D:6      | Bought a puce potion for 27 gold pieces
  7478 | D:6      | Found Inyul's Distillery.
  7481 | D:6      | Bought 2 potions of curing for 84 gold pieces
  7481 | D:6      | Bought a potion of berserk rage for 70 gold pieces
  7481 | D:6      | Bought a potion of resistance for 140 gold pieces
  7481 | D:6      | Bought a potion of enlightenment for 70 gold pieces
  7661 | D:6      | Reached skill level 9 in Unarmed Combat
  7779 | D:6      | Reached XP level 9. HP: 84/84 MP: 8/8
  7903 | D:5      | Found a transporter.
  8165 | D:7      | You add the spells Ensorcelled Hibernation, Swiftness and
                  | Passwall to your library.
  8339 | D:7      | Noticed Dowan
  8341 | D:7      | Noticed Duvessa
  8349 | D:7      | Killed Duvessa
  8350 | D:7      | Reached skill level 10 in Fighting
  8351 | D:7      | Killed Dowan
  8528 | D:7      | Noticed Jeremiah
  8632 | D:7      | Noticed Joseph
  8654 | D:7      | Killed Joseph
  8655 | D:7      | Reached skill level 10 in Unarmed Combat
  8889 | D:7      | Reached skill level 1 in Evocations
  9523 | D:8      | You add the spells Necrotise, Vampiric Draining, Martyr's
                  | Knell and Curse of Agony to your library.
  9975 | D:8      | Found Ibezois's General Store.
 10029 | D:8      | Reached skill level 4 in Armour
 10274 | D:8      | Found Esithrof's Book Shop.
 10496 | D:8      | Reached skill level 2 in Evocations
 10793 | D:8      | Bought a potion of curing for 33 gold pieces
 10793 | D:8      | Bought a +6 ring of strength for 396 gold pieces
 11107 | D:5      | Killed Sigmund
 11108 | D:5      | Reached skill level 5 in Dodging
 11157 | D:6      | Bought a potion of mutation for 112 gold pieces
 11157 | D:6      | Bought a potion of cancellation for 112 gold pieces
 11157 | D:6      | Bought a potion of haste for 140 gold pieces
 11178 | D:5      | Reached XP level 10. HP: 94/94 MP: 9/9
 11392 | D:3      | Reached skill level 11 in Unarmed Combat
 11619 | D:3      | You add the spells Lesser Beckoning, Gell's Gravitas and
                  | Teleport Other to your library.
 12252 | D:4      | Found a glowing golden altar of the Shining One.
 12301 | D:5      | Reached skill level 5 in Armour
 12573 | D:8      | Reached skill level 3 in Evocations
 12746 | D:9      | Found a staircase to the Orcish Mines.
 12901 | D:9      | Found an ornate altar of the Wu Jian Council.
 12937 | D:9      | Reached skill level 11 in Fighting
 12948 | D:9      | Reached skill level 6 in Dodging
 13618 | D:9      | Reached skill level 6 in Armour
 14066 | D:9      | Reached skill level 4 in Evocations
 14212 | D:8      | Bought a +0 pair of gloves for 49 gold pieces
 14294 | D:10     | Entered Level 10 of the Dungeon
 14679 | D:10     | Identified the +10 short sword "Tusud" {antimagic, rC+
                  | SInv}
 14766 | D:10     | Reached XP level 11. HP: 86/102 MP: 10/10
 14777 | D:10     | Reached skill level 12 in Unarmed Combat
 15088 | D:10     | Found a shimmering altar of Xom.
 15163 | D:10     | Reached skill level 3 in Shapeshifting
 15417 | D:10     | Found a hazy altar of Hepliaklqana.
 15720 | D:11     | Noticed Amaemon
 15742 | D:11     | Killed Amaemon
 15743 | D:11     | Reached skill level 5 in Evocations
 16102 | D:11     | Noticed a cyan ugly thing
 16107 | D:11     | Killed a cyan ugly thing
 16172 | D:11     | Reached skill level 4 in Shapeshifting
 16176 | D:11     | Noticed a tengu warrior
 16179 | D:11     | Noticed a tengu warrior
 16200 | D:12     | Noticed Maurice
 16205 | D:12     | Maurice stole a ring of fire
 16209 | D:12     | Killed Maurice
 16258 | D:12     | HP: 3/102 [very large slime creature (48)]
 16432 | D:12     | Noticed Jorgrun
 16446 | D:12     | Killed Jorgrun
 16447 | D:12     | Reached skill level 13 in Unarmed Combat
 16447 | D:12     | Reached skill level 5 in Shapeshifting
 16691 | D:12     | Noticed a boulder beetle
 16702 | D:12     | Killed a boulder beetle
 16743 | D:12     | You add the spells Dazzling Flash, Mephitic Cloud and
                  | Silence to your library.
 16770 | D:12     | Noticed a two-headed ogre
 16779 | D:12     | Killed a two-headed ogre
 16969 | D:12     | Noticed a skeletal warrior
 16970 | D:12     | Noticed a skeletal warrior
 17023 | D:12     | Noticed a skeletal warrior
 17077 | D:12     | Noticed a skeletal warrior
 17082 | D:12     | Noticed a skeletal warrior
 17208 | D:12     | Killed a skeletal warrior
 17276 | D:12     | Killed a skeletal warrior
 17277 | D:12     | Reached skill level 6 in Shapeshifting
 17277 | D:12     | Reached XP level 12. HP: 68/110 MP: 6/11
 17592 | D:11     | Reached skill level 14 in Unarmed Combat
 17754 | D:11     | Killed a tengu warrior
 17824 | D:11     | Killed a tengu warrior
 18511 | D:11     | Found a staircase to the Lair.
 18532 | D:11     | You add the spells Sting, Summon Small Mammal and
                  | Apportation to your library.
 18595 | D:11     | magus.rc [v1.11.7]
 18622 | Lair:1   | Entered Level 1 of the Lair of Beasts
 18635 | D:11     | Reached skill level 7 in Shapeshifting
 18841 | Lair:1   | Noticed Grum
 18858 | Lair:1   | Killed Grum
 19226 | Lair:1   | Reached skill level 12 in Fighting
 19280 | Lair:1   | Reached skill level 15 in Unarmed Combat
 19404 | Lair:1   | Reached skill level 8 in Shapeshifting
 19927 | Lair:1   | You add the spells Mercury Vapours and Freezing Cloud to
                  | your library.
 20285 | Lair:1   | magus.rc [v1.11.7]
 20286 | Lair:2   | Found a frozen archway.
 20453 | IceCv    | Entered an ice cave
 20768 | IceCv    | Reached skill level 9 in Shapeshifting
 21312 | IceCv    | Identified the amulet of Zizxe {Acrobat rElec rN++ rCorr
                  | Int-2}
 21595 | Lair:2   | You add the spells Static Discharge, Airstrike and Summon
                  | Lightning Spire to your library.
 21722 | Lair:2   | Reached XP level 13. HP: 73/118 MP: 12/12
 22384 | Lair:2   | Found a staircase to the Snake Pit.
 22619 | Lair:2   | Found a staircase to the Shoals.
 23209 | Lair:2   | magus.rc [v1.11.7]
 23260 | Lair:3   | Reached skill level 10 in Shapeshifting
 24739 | Lair:3   | Fetru invites you to visit their Jewellery Shoppe.
 24740 | Lair:3   | Bought the ring "Viryvoh" {rPois Str+4} for 601 gold pieces
 25260 | Lair:4   | Reached skill level 11 in Shapeshifting
 25531 | Lair:4   | Reached skill level 1 in Throwing
 25790 | Lair:4   | Reached skill level 7 in Armour
 25812 | Lair:4   | You add the spells Kiss of Death, Confusing Touch and
                  | Dispel Undead to your library.
 26393 | Lair:4   | Reached skill level 2 in Throwing
 26648 | Lair:5   | Entered Level 5 of the Lair of Beasts
 26693 | Lair:5   | You add the spells Sigil of Binding, Call Canine Familiar
                  | and Dimensional Bullseye to your library.
 26735 | Lair:5   | Found a staircase to the Slime Pits.
 27179 | Lair:5   | Noticed Sonja
 27180 | Lair:5   | Sonja changed into Sonja the hound
 27180 | Lair:5   | Noticed Sonja
 27183 | Lair:5   | Killed Sonja the hound
 27264 | Lair:5   | Identified the ring of Motemes {rN+ SInv}
 27383 | Lair:5   | Reached XP level 14. HP: 84/127 MP: 13/13
 27733 | Lair:5   | Reached skill level 3 in Throwing
 28209 | Lair:5   | Identified a scroll of acquirement
 28210 | Lair:5   | Acquired a manual of Unarmed Combat
 28214 | Lair:5   | Found a hide-covered altar of Uskayaw.
 28214 | Lair:5   | Found an ornate altar of the Wu Jian Council.
 28300 | Lair:5   | You add the spells Searing Ray and Fulminant Prism to your
                  | library.
 28344 | Lair:5   | Reached skill level 7 in Dodging
 28749 | Lair:5   | Reached skill level 6 in Evocations
 28816 | Lair:5   | Found a large runed translucent door.
 28818 | Lair:5   | Found a large runed translucent door.
 29587 | D:12     | Found a snail-covered altar of Cheibriados.
 29596 | D:12     | Noticed Psyche
 29598 | D:12     | Killed Psyche
 29717 | D:12     | Reached skill level 8 in Armour
 30189 | D:13     | Noticed Urug
 30192 | D:13     | Killed Urug
 30678 | D:13     | Reached skill level 4 in Throwing
 30703 | D:13     | Reached skill level 13 in Fighting
 31215 | D:13     | Reached skill level 16 in Unarmed Combat
 31643 | D:13     | Noticed Rupert
 31651 | D:13     | Rupert changed into Rupert the quicksilver ooze
 31651 | D:13     | Noticed Rupert
 31655 | D:13     | Killed Rupert the quicksilver ooze
 32079 | Orc:1    | Entered Level 1 of the Orcish Mines
 32093 | Orc:1    | Noticed an orc warlord
 32106 | Orc:1    | Killed an orc warlord
 32136 | D:9      | Reached skill level 8 in Dodging
 32790 | Orc:2    | Entered Level 2 of the Orcish Mines
 33129 | Orc:2    | Found a staircase to the Elven Halls.
 33177 | Orc:2    | Reached skill level 5 in Throwing
 33191 | Orc:2    | Noticed an orc warlord
 33371 | Orc:2    | Killed an orc warlord
 34077 | Orc:1    | Reached skill level 7 in Evocations
 34661 | Orc:2    | Reached XP level 15. HP: 102/137 MP: 14/14
 35018 | Orc:2    | Found Yxtyelun's Book Shoppe.
 35020 | Orc:2    | Found Mefeatzoa's Distillery.
 35026 | Orc:2    | Bought a potion of heal wounds for 75 gold pieces
 35057 | Orc:2    | Reached skill level 6 in Throwing
 35057 | Orc:2    | Reached skill level 17 in Unarmed Combat
 35074 | Orc:2    | Reached skill level 14 in Fighting
 35111 | Orc:2    | Found Qurothrone's Weapon Boutique.
 35154 | Orc:2    | Found Adwibog's General Store.
 35161 | Orc:2    | Bought a scroll of enchant armour for 97 gold pieces
 35161 | Orc:2    | Bought a scroll of identify for 26 gold pieces
 35161 | Orc:2    | Bought a scroll of identify for 26 gold pieces
 35161 | Orc:2    | Bought a potion of lignification for 39 gold pieces
 35161 | Orc:2    | Bought a scroll of acquirement for 676 gold pieces
 35244 | Orc:2    | Acquired a manual of Fighting
 35527 | Lair:3   | Seli invites you to visit his Antique Armour Shop.
 35528 | Lair:3   | Bought a pair of encrusted gloves for 342 gold pieces
 35528 | Lair:3   | Identified the +0 pair of gloves of the Arcane {Slay+5}
                  | (You bought it in a shop on level 3 of the Lair of Beasts)
 35528 | Lair:3   | Bought a pair of crude boots for 342 gold pieces
 35528 | Lair:3   | Identified the +1 pair of boots of Dishonour {rN+} (You
                  | bought it in a shop on level 3 of the Lair of Beasts)
 35558 | Lair:3   | magus.rc [v1.11.7]
 35568 | Lair:3   | Bought a faintly humming plate armour for 1008 gold pieces
 35568 | Lair:3   | Identified the +0 plate armour of the Cobbler {rN++ Will+
                  | Str-2} (You bought it in a shop on level 3 of the Lair of
                  | Beasts)
 35766 | D:13     | Noticed Lodul
 35775 | D:13     | Killed Lodul
 35821 | D:14     | Identified the +2 pair of boots of the Wary Allies {rElec
                  | Will- Str+9 Slay-4}
 36082 | D:14     | Reached skill level 12 in Shapeshifting
 36149 | D:14     | Noticed Agnes
 36242 | D:14     | Killed Agnes
 36552 | D:14     | You add the spells Cigotuvi's Dreadful Rot and Ignite
                  | Poison to your library.
 37320 | D:14     | Found an opulent altar of Gozag.
 37763 | D:14     | Found a gate to the Vaults.
 37835 | D:15     | Entered Level 15 of the Dungeon
 37879 | D:15     | Found a broken altar of Ashenzari.
 38393 | D:15     | Reached skill level 15 in Fighting
 38400 | D:15     | Reached skill level 9 in Armour
 38681 | D:15     | Reached skill level 9 in Dodging
 38690 | D:15     | Reached skill level 18 in Unarmed Combat
 39110 | D:15     | Found a staircase to the Depths.
 39511 | Lair:2   | magus.rc [v1.11.7]
 39512 | Snake:1  | Entered Level 1 of the Snake Pit
 39977 | Snake:1  | Reached XP level 16. HP: 139/151 MP: 12/15
 40131 | Snake:1  | You add the spells Conjure Ball Lightning, Disjunction and
                  | Discord to your library.
 40227 | Snake:1  | Reached skill level 16 in Fighting
 40431 | Snake:1  | Reached skill level 10 in Armour
 40824 | Snake:2  | Found Duno's Antique Armour Boutique.
 40841 | Snake:2  | Bought a fine ring mail for 351 gold pieces
 40841 | Snake:2  | Identified the +2 ring mail "Earthly Heaven" {Dex+3} (You
                  | bought it in a shop on level 2 of the Snake Pit)
 41067 | Snake:2  | Identified the serpent talisman of the Thistle {rF++ rN+
                  | Dex+2}
 41067 | Snake:2  | Noticed Aizul
 41087 | Snake:2  | Killed Aizul
 41417 | Snake:2  | Reached skill level 10 in Dodging
 41436 | Snake:2  | HP: 44/182 [naga mage/bolt of poison (2)]
 41442 | Snake:2  | HP: 33/182 [naga mage/+0 halberd (14)]
 41448 | Snake:2  | HP: 37/182 [naga mage/+0 halberd (12)]
 41787 | Snake:2  | You add the spells Freeze, Frozen Ramparts and Hailstorm to
                  | your library.
 41844 | Snake:2  | Reached skill level 19 in Unarmed Combat
 42623 | Snake:3  | Reached skill level 17 in Fighting
 42851 | Snake:3  | Reached skill level 11 in Armour
 43264 | Snake:3  | Identified the +6 flail of Wiwk {elec, ^Fragile rN+ Will+
                  | Int+4}
 43834 | Snake:3  | Reached skill level 11 in Dodging
 43963 | Snake:3  | Reached skill level 13 in Shapeshifting
 44387 | Snake:4  | Entered Level 4 of the Snake Pit
 44637 | Snake:4  | Reached skill level 18 in Fighting
 44892 | Snake:4  | Reached skill level 20 in Unarmed Combat
 45453 | Snake:4  | Reached XP level 17. HP: 156/166 MP: 16/16
 46023 | Snake:4  | Reached skill level 8 in Evocations
 46032 | Snake:4  | Reached skill level 19 in Fighting
 46146 | Snake:3  | HP: 42/168 [poisoned by a black mamba]
 46151 | Snake:3  | HP: 39/168 [poisoned by a black mamba]
 47565 | Snake:4  | Reached skill level 21 in Unarmed Combat
 47991 | Snake:4  | Reached skill level 9 in Evocations
 48145 | Snake:4  | Reached skill level 20 in Fighting
 48939 | Snake:4  | Reached skill level 10 in Evocations
 48956 | Snake:4  | a naga sharpshooter comes into view. It is wielding the +7
                  | captain's cutlass {speed, disarm}.
 49514 | Snake:4  | Got a serpentine rune of Zot
 49516 | Snake:4  | Ocsad invites you to visit their Assorted Antiques.
 49517 | Snake:4  | Bought a warped chain mail for 313 gold pieces
 49517 | Snake:4  | Identified the +12 chain mail of Veudo {+Inv rC- Will+}
                  | (You bought it in a shop on level 4 of the Snake Pit)
 49522 | Snake:4  | magus.rc [v1.11.7]
 49755 | Lair:2   | Igecequ invites you to visit her General Store.
 49762 | Shoals:1 | Entered Level 1 of the Shoals
 49773 | Shoals:1 | Reached skill level 11 in Evocations
 49949 | Shoals:1 | You add the spells Tukima's Dance, Passage of Golubria and
                  | Yara's Violent Unravelling to your library.
 50274 | Shoals:1 | Noticed Kirke
 50331 | Shoals:1 | Noticed Donald
 50370 | Lair:2   | Killed Donald
 50372 | Lair:2   | a +0 eveningstar of holy wrath {rare}; a +0 chain mail; a
                  | +0 kite shield of reflection
 50474 | Lair:2   | a +0 eveningstar of holy wrath {rare}; a +0 chain mail; a
                  | +0 kite shield of reflection
 50590 | Shoals:1 | Reached XP level 18. HP: 142/178 MP: 17/17
 50645 | Shoals:1 | Killed Kirke
 51730 | Shoals:1 | magus.rc [v1.11.7]
 51730 | Shoals:1 | magus.rc [v1.11.7]
 52188 | Shoals:2 | Found Tioh's Antique Weapon Shoppe.
 52236 | Shoals:2 | Noticed Polyphemus
 52316 | Shoals:2 | Killed Polyphemus
 52472 | Shoals:2 | Found a runed translucent door.
 52478 | Shoals:2 | Noticed Zipteul's ghost (adept NaBe)
 52780 | Shoals:2 | Identified the +0 crystal plate armour of Disappointment
                  | {Fly}
 52926 | Shoals:2 | Killed Zipteul's ghost
 52930 | Shoals:2 | Identified the +11 spear of Frustration {venom, rC+}
 53374 | Shoals:3 | Reached skill level 12 in Armour
 54050 | Shoals:3 | Reached skill level 12 in Dodging
 55068 | Shoals:4 | Entered Level 4 of the Shoals
 55551 | Shoals:4 | Paralysed by an air elemental for 1 turns
 55556 | Shoals:4 | Paralysed by an air elemental for 1 turns
 55573 | Shoals:4 | Paralysed by an air elemental for 1 turns
 55578 | Shoals:4 | Paralysed by an air elemental for 1 turns
 55794 | Shoals:4 | Paralysed by an air elemental for 1 turns
 55855 | Shoals:4 | You add the spells Leda's Liquefaction, Petrify and
                  | Metabolic Englaciation to your library.
 56067 | Shoals:4 | Paralysed by an air elemental for 1 turns
 56162 | Shoals:4 | HP: 44/180 [water nymph (7)]
 56726 | Shoals:4 | Paralysed by a formless jellyfish for 1 turns
 57000 | Shoals:4 | Got a barnacled rune of Zot
 57270 | D:11     | magus.rc [v1.11.7]
 57471 | Elf:1    | Entered Level 1 of the Elven Halls
 57509 | Elf:1    | Found a radiant altar of Vehumet.
 57596 | Elf:1    | Reached skill level 21 in Fighting
 57596 | Elf:1    | Reached skill level 13 in Armour
 58258 | Elf:1    | You add the spells Summon Ice Beast, Summon Mana Viper and
                  | Monstrous Menagerie to your library.
 58271 | Elf:1    | Found Talient's Armour Emporium.
 58483 | Elf:1    | Reached XP level 19. HP: 180/189 MP: 18/18
 58772 | Elf:2    | Identified the +0 chain mail of Gluttony {rF+ MP+9 Str+5}
 59031 | Elf:2    | Reached skill level 13 in Dodging
 59031 | Elf:2    | Found a huge runed translucent gate.
 59032 | Elf:2    | Found a huge runed translucent gate.
 59032 | Elf:2    | Found a huge runed translucent gate.
 59033 | Elf:2    | Found a huge runed translucent gate.
 59033 | Elf:2    | Found a huge runed translucent gate.
 59472 | Elf:3    | Entered Level 3 of the Elven Halls
 60088 | Elf:3    | You add the spells Inner Flame, Sticky Flame and Flame Wave
                  | to your library.
 60140 | Elf:3    | Reached skill level 22 in Unarmed Combat
 60388 | Elf:3    | A deep elf elementalist is wielding a +0 dagger and wearing
                  | an amulet of reflection. A deep elf annihilator is wielding
                  | a +0 rapier and wearing a +1 leather armour of willpower. A
                  | deep elf blademaster is wielding two +0 rapiers and wearing
                  | a +4 ring mail of poison resistance. A deep elf pyromancer
                  | is wielding a +0 dagger of protection. A deep elf
                  | pyromancer is wielding the +8 demon blade "Leech"
                  | {evervamp, Harm ^Drain rN+} and carrying a wand of
                  | charming.
 60389 | Elf:3    | Identified the +7 chain mail of Serich {rN+ Str-3 Stlth+}
 60553 | Elf:3    | Paralysed by an air elemental for 1 turns
 60750 | Elf:3    | Found Oruyrote's Antique Armour Boutique.
 60835 | Elf:3    | Bought a pitted scale mail for 270 gold pieces
 60835 | Elf:3    | Identified the +4 scale mail of Gallantry {Int+9} (You
                  | bought it in a shop on level 3 of the Elven Halls)
 60838 | Elf:3    | Qoix invites you to visit his Armour Boutique.
 61072 | Elf:3    | Identified the +3 chain mail of the Locust {Harm rN+ MP+9}
 61827 | Elf:3    | Identified the ring "Qeac Qol" {Ice Will+ SInv}
 61882 | Elf:3    | Noticed a Tzitzimitl
 62048 | Elf:3    | Identified the +7 morningstar "Ferchom" {spect, rElec rF+
                  | rN++ Dex-2}
 62546 | Elf:3    | Reached skill level 14 in Armour
 63175 | Elf:3    | You add the spells Malign Gateway and Summon Horrible
                  | Things to your library.
 63221 | Elf:3    | You add the spells Ozocubu's Armour and Sculpt Simulacrum
                  | to your library.
 63234 | Elf:3    | You add the spell Ignition to your library.
 63242 | Elf:3    | You add the spells Jinxbite and Alistair's Intoxication to
                  | your library.
 63252 | Elf:3    | You add the spell Eringya's Noxious Bog to your library.
 63252 | Elf:3    | Got the Folio of Toxicity
 63255 | Elf:3    | Identified the staff of Collusion {rPois rF+ Will- MP+9
                  | Fire Earth}
 63261 | Elf:3    | You add the spells Foxfire, Plasma Beam and Starburst to
                  | your library.
 63684 | Lair:3   | Bought a faintly humming tower shield for 342 gold pieces
 63684 | Lair:3   | Identified the +0 tower shield "Baqumot" {^Contam Str+6
                  | Int+8} (You bought it in a shop on level 3 of the Lair of
                  | Beasts)
 63692 | Lair:3   | Qaodez invites you to visit her Jewellery Boutique.
 64447 | Lair:3   | Bought the ring "Boeris" {rElec rPois rF++ Int+3} for 1040
                  | gold pieces
 64697 | Vaults:1 | Entered Level 1 of the Vaults
 64812 | Vaults:1 | Reached skill level 14 in Shapeshifting
 64864 | Vaults:1 | Reached skill level 1 in Shields
 64939 | Vaults:1 | Found Juadoise's Distillery.
 64962 | Vaults:1 | Noticed Nikola
 64973 | Vaults:1 | Killed Nikola
 65099 | Vaults:1 | Reached skill level 2 in Shields
 65131 | Vaults:1 | Reached skill level 14 in Dodging
 65293 | Vaults:1 | Reached skill level 3 in Shields
 65628 | Vaults:1 | Reached skill level 4 in Shields
 65638 | Vaults:1 | Reached skill level 22 in Fighting
 65813 | Vaults:1 | Reached XP level 20. HP: 162/200 MP: 19/19
 66152 | Vaults:1 | Reached skill level 15 in Armour
 66152 | Vaults:1 | Reached skill level 5 in Shields
 66436 | Vaults:1 | Reached skill level 6 in Shields
 66790 | Vaults:1 | Noticed Boris
 66809 | Vaults:1 | Killed Boris
 66810 | Vaults:1 | Reached skill level 7 in Shields
 67067 | Vaults:2 | Noticed Saint Roka
 67076 | Vaults:2 | Killed Saint Roka
 67077 | Vaults:2 | Reached skill level 8 in Shields
 67133 | Vaults:2 | Found a crumbling gateway.
 67156 | Desolati | Entered the Desolation of Salt
 67157 | Desolati | magus.rc [v1.11.7]
 67241 | Desolati | Reached skill level 9 in Shields
 67516 | Desolati | Reached skill level 10 in Shields
 68054 | Desolati | Reached skill level 11 in Shields
 68395 | Desolati | Identified the staff of Nemelex Xobeh's Grace {rPois rF-
                  | rC- Dex+6 Tloc Alchemy}
 68398 | Desolati | You add the spells Volatile Blastmotes and Iskenderun's
                  | Mystic Blast to your library.
 68400 | Desolati | You add the spell Scorch to your library.
 68400 | Desolati | Got the Verses on Flaming Outbursts
 68403 | Desolati | Identified the +10 plate armour of the Thirteen Seers
                  | {^Drain rPois SInv Stlth+}
 68465 | Desolati | Identified the +5 halberd of Esaoh {heavy, rElec rF- Dex+3}
 68663 | Desolati | You add the spell Manifold Assault to your library.
 68663 | Desolati | Got the Anthology of Hyperbolic Interference
 68760 | Vaults:2 | Reached skill level 12 in Shields
 68818 | Vaults:2 | Identified the dragon-blood talisman of Cokeu {Dex+5}
 68819 | Vaults:2 | Noticed Bai Suzhen
 68863 | Vaults:2 | Killed Bai Suzhen
 69291 | Vaults:2 | Reached skill level 13 in Shields
 69777 | Vaults:1 | Noticed Norris
 69784 | Vaults:1 | Reached skill level 14 in Shields
 69981 | Vaults:2 | Found a staircase to the Crypt.
 70173 | Vaults:2 | Noticed Jory
 70195 | Vaults:2 | Killed Jory
 70515 | Vaults:1 | Killed Norris
 70520 | Vaults:1 | Reached skill level 15 in Shields
 70670 | Vaults:2 | Found Elenlan's General Store.
 70756 | Vaults:2 | Noticed a bone dragon
 70768 | Vaults:2 | Killed a bone dragon
 71037 | Vaults:2 | Found the +2 pair of slick slippers {slick, slippery, EV+4}
 71136 | Vaults:3 | Noticed Xtahua
 71149 | Vaults:3 | Killed Xtahua
 71352 | Vaults:3 | Reached XP level 21. HP: 187/207 MP: 20/20
 71354 | Vaults:3 | Noticed Sojobo
 71387 | Vaults:3 | Killed Sojobo
 71388 | Vaults:3 | Reached skill level 16 in Shields
 71426 | Vaults:3 | Noticed Mennas
 71502 | Vaults:3 | Found a magical portal.
 71512 | WizLab   | Entered Zonguldrok's Shrine
 71712 | WizLab   | Reached skill level 17 in Shields
 72092 | WizLab   | Noticed an antique champion
 72092 | WizLab   | Noticed an antique champion
 72092 | WizLab   | An antique champion is wielding the +9 sword of Zonguldrok
                  | {reap}. An antique champion is wielding a +2 double sword
                  | of draining.
 72103 | WizLab   | Killed an antique champion
 72115 | WizLab   | Killed an antique champion
 72116 | WizLab   | Reached skill level 18 in Shields
 72238 | WizLab   | Found the +15 Maxwell's patent armour {-Cast -Tele rElec
                  | Will+ rCorr}
 72240 | WizLab   | Identified the +3 kite shield of Elyvilon's Envy {rPois
                  | Stlth+}
 72261 | WizLab   | Got the Catalogue of the Autopsy
 72298 | WizLab   | a +2 double sword of draining {rare}; +2 shadow dragon
                  | scales {rare}; a +0 kite shield
 72300 | WizLab   | +0 shadow dragon scales {rare}; a +1 kite shield
 72412 | WizLab   | a +2 double sword of draining {rare}; +2 shadow dragon
                  | scales {rare}; a +0 kite shield
 72413 | WizLab   | Y - +2 shadow dragon scales {rare}
 72431 | Vaults:3 | You drop +2 shadow dragon scales {rare}.
 72819 | Vaults:3 | Found Negyc's Distillery.
 72874 | Vaults:3 | Killed Mennas
 73567 | Vaults:3 | Reached skill level 19 in Shields
 74057 | Vaults:4 | Noticed Mara
 74069 | Vaults:4 | Noticed Ntrails's illusion
 74237 | Vaults:4 | Identified the +1 scale mail "Jamnissu" {rN+ Will+}
 74636 | Vaults:4 | Reached skill level 20 in Shields
 75116 | Vaults:4 | Killed Mara
 75837 | D:4      | Bought a phantom mirror for 480 gold pieces
 75843 | D:4      | Bought a potion of mutation for 112 gold pieces
 75843 | D:4      | Bought a potion of lignification for 42 gold pieces
 75901 | D:6      | Bought 2 potions of haste for 280 gold pieces
 75901 | D:6      | Bought a potion of haste for 140 gold pieces
 76069 | Orc:2    | Bought a potion of haste for 150 gold pieces
 76069 | Orc:2    | Bought a potion of lignification for 45 gold pieces
 76069 | Orc:2    | Bought a potion of mutation for 120 gold pieces
 76069 | Orc:2    | Bought a potion of curing for 45 gold pieces
 76069 | Orc:2    | Bought a potion of might for 60 gold pieces
 76069 | Orc:2    | Bought a potion of haste for 150 gold pieces
 76069 | Orc:2    | Bought a potion of enlightenment for 75 gold pieces
 76069 | Orc:2    | Bought a potion of curing for 45 gold pieces
 76436 | Depths:1 | Entered Level 1 of the Depths
 76456 | Depths:1 | Reached skill level 21 in Shields
 76488 | Depths:1 | Found a one-way gate to the infinite horrors of the Abyss.
 76565 | Depths:1 | HP: 43/207 [flayed ghost/flay_damage[a glowing orange
                  | brain] (12)]
 76698 | Depths:1 | Found a one-way gateway to a ziggurat.
 76701 | Depths:1 | You fall into a shaft and drop 1 floor!
 76709 | Depths:2 | Reached XP level 22. HP: 157/215 MP: 21/21
 77284 | Depths:2 | Found a one-way gate leading to the halls of Pandemonium.
 77959 | Depths:2 | Noticed a caustic shrike
 77971 | Depths:2 | Killed a caustic shrike
 77971 | Depths:2 | Noticed a caustic shrike
 77972 | Depths:2 | Noticed a caustic shrike
 77977 | Depths:2 | Killed a caustic shrike
 77987 | Depths:2 | Killed a caustic shrike
 78077 | Depths:2 | Found a gateway to Hell.
 78270 | Depths:2 | Identified the ring of the Invisible Hand {Ice MP+9}
 78270 | Depths:2 | Noticed Josephina
 78288 | Depths:2 | Killed Josephina
 78737 | Depths:1 | Reached skill level 22 in Shields
 78966 | Depths:1 | Noticed a juggernaut
 78978 | Depths:1 | Killed a juggernaut
 81000 | Depths:3 | Noticed a caustic shrike
 81000 | Depths:3 | Noticed a caustic shrike
 81000 | Depths:3 | Noticed a caustic shrike
 81000 | Depths:3 | Noticed a caustic shrike
 81000 | Depths:3 | Noticed a caustic shrike
 81016 | Depths:3 | Killed a caustic shrike
 81020 | Depths:3 | Killed a caustic shrike
 81021 | Depths:3 | Killed a caustic shrike
 81028 | Depths:3 | Killed a caustic shrike
 81238 | Depths:3 | Reached skill level 23 in Unarmed Combat
 81409 | Depths:3 | Noticed a juggernaut
 81417 | Depths:3 | a fire giant comes into view. It is wielding a +2 great
                  | sword of flaming and wearing the amulet of Vitality
                  | {RegenMP++ Regen++}.
 81428 | Depths:3 | Killed a juggernaut
 81428 | Depths:3 | Noticed a golden dragon
 81429 | Depths:3 | Reached skill level 7 in Throwing
 81451 | Depths:3 | Aim: a fire giant, wielding a +2 great sword of flaming and
                  | wearing the amulet of Vitality {RegenMP++ Regen++}
                  | (severely wounded)
 81452 | Depths:3 | Aim: a fire giant, wielding a +2 great sword of flaming and
                  | wearing the amulet of Vitality {RegenMP++ Regen++}
                  | (severely wounded)
 81452 | Depths:3 | Aim: a fire giant, wielding a +2 great sword of flaming and
                  | wearing the amulet of Vitality {RegenMP++ Regen++}
                  | (severely wounded)
 81608 | Depths:3 | Killed a golden dragon
 81615 | Depths:3 | Reached skill level 23 in Fighting
 81615 | Depths:3 | Reached skill level 23 in Shields
 81660 | Depths:3 | You add the spells Call Imp, Sublimation of Blood and
                  | Summon Hydra to your library.
 81666 | Depths:3 | Acquired a manual of Spellcasting
 81678 | Depths:3 | Identified the staff of the Jolly Stories {rPois rN+
                  | Alchemy}
 82147 | Depths:3 | Reached XP level 23. HP: 195/226 MP: 22/22
 82253 | Depths:3 | Noticed Boris
 82274 | Depths:3 | Killed Boris
 82626 | Depths:3 | Found a glowing silver altar of Zin.
 82764 | Depths:4 | Entered Level 4 of the Depths
 82780 | Depths:4 | Reached skill level 8 in Throwing
 82896 | Depths:4 | Found Lewk's Antique Armour Shoppe.
 82896 | Depths:4 | Found Loylup's Book Emporium.
 83490 | Depths:4 | Noticed a juggernaut
 83502 | Depths:4 | Killed a juggernaut
 83675 | Depths:4 | Acquired 1022 gold pieces
 83706 | Depths:4 | Found a gate to the Realm of Zot.
 83777 | Depths:4 | Reached skill level 9 in Throwing
 84510 | Depths:4 | magus.rc [v1.11.7]
 85009 | Slime:1  | Entered Level 1 of the Pits of Slime
 85677 | Slime:1  | Reached skill level 24 in Shields
 86404 | Slime:3  | Reached skill level 24 in Unarmed Combat
 86424 | Slime:3  | Reached skill level 24 in Fighting
 86426 | Slime:3  | Reached skill level 10 in Throwing
 86848 | Slime:3  | Gained mutation: You occasionally lose the ability to read
                  | scrolls when taking damage. [a shining eye]
 86852 | Slime:3  | Gained mutation: You are partially covered in iridescent
                  | scales. (AC +2) [a shining eye]
 86998 | Slime:3  | You fall into a shaft and drop 1 floor!
 87360 | Slime:5  | Entered Level 5 of the Pits of Slime
 87502 | Slime:4  | Gained mutation: You are partially covered in large bone
                  | plates. (SH +4) [a shining eye]
 87507 | Slime:4  | Gained mutation: Armour fits poorly on your strangely
                  | shaped body. [a shining eye]
 87632 | Slime:4  | Gained mutation: Your spells are a little easier to cast,
                  | but a little less powerful. [a shining eye]
 87635 | Slime:4  | Gained mutation: You are frail. (-10% HP) [a shining eye]
 87666 | Slime:4  | Lost mutation: You are frail. (-10% HP) [potion of
                  | mutation]
 87666 | Slime:4  | Lost mutation: Your spells are a little easier to cast, but
                  | a little less powerful. [potion of mutation]
 87666 | Slime:4  | Lost mutation: You are partially covered in large bone
                  | plates. (SH +4) [potion of mutation]
 87666 | Slime:4  | Gained mutation: You have large cloven feet. [potion of
                  | mutation]
 87666 | Slime:4  | Gained mutation: You have sharp fingernails. [potion of
                  | mutation]
 87667 | Slime:4  | Lost mutation: Armour fits poorly on your strangely shaped
                  | body. [potion of mutation]
 87667 | Slime:4  | Lost mutation: You have large cloven feet. [potion of
                  | mutation]
 87667 | Slime:4  | Gained mutation: You possess an exceptional clarity of
                  | mind. [potion of mutation]
 87667 | Slime:4  | Gained mutation: You are agile. (Dex +4, Str/Int -1)
                  | [potion of mutation]
 87776 | Slime:5  | Reached skill level 11 in Throwing
 87794 | Slime:5  | Found the +2 shield of Resistance {rF++ rC++ Will++}
 87816 | Slime:5  | Reached XP level 24. HP: 239/239 MP: 22/22
 87827 | Slime:5  | Lost mutation: You are agile. (Dex +4, Str/Int -1) [a
                  | shining eye]
 88254 | Slime:5  | Noticed the Royal Jelly
 88320 | Slime:5  | Found a viscous altar of Jiyva.
 88705 | Slime:5  | Killed the Royal Jelly
 88855 | Slime:5  | Identified the +8 plate armour of Discretion {-Cast +Blink
                  | +Inv rElec rF+}
 88960 | Slime:5  | Identified the ring "Misk" {Fly rC+ rN+ AC+4}
 88964 | Slime:5  | Identified the ring "Ysiqez" {Dex+2 SInv}
 88965 | Slime:5  | Identified the +2 cloak of Ru's Hope {+Inv Fly rElec Will++
                  | Dex-2}
 89062 | Slime:5  | Identified the ring "Cutish" {MP+9 Int+2 Dex+2}
 89140 | Slime:5  | Identified the amulet of Miatwool {Reflect rF+ Str+3 SH+5}
 89150 | Slime:5  | Identified the +0 pair of boots "Utsacyoka" {Harm}
 89153 | Slime:5  | Got a slimy rune of Zot
 89553 | Lair:5   | Kalawk invites you to visit his Distillery.
 89555 | Lair:5   | Xoxkutiy invites you to visit her Antique Armour Shoppe.
 89556 | Lair:5   | Bought a distressingly furry ring mail for 369 gold pieces
 89556 | Lair:5   | Identified the +6 ring mail of Upiu {rC+ Regen+ Int+3} (You
                  | bought it in a shop on level 5 of the Lair of Beasts)
 89990 | Lair:5   | Riphoinuh invites you to visit her Armour Emporium.
 89993 | Lair:5   | Learned a level 1 spell: Apportation
 89996 | Lair:5   | Learned a level 2 spell: Lesser Beckoning
 90001 | Lair:5   | Learned a level 4 spell: Manifold Assault
 90005 | Lair:5   | Learned a level 3 spell: Passwall
 90010 | Lair:5   | Learned a level 4 spell: Passage of Golubria
 90479 | Vaults:5 | Entered Level 5 of the Vaults
 90487 | Vaults:5 | Reached skill level 25 in Fighting
 90487 | Vaults:5 | Reached skill level 12 in Throwing
 90494 | Vaults:5 | Noticed a dread lich
 90605 | Vaults:5 | Reached skill level 13 in Throwing
 90900 | Vaults:5 | Killed a dread lich
 90965 | Vaults:5 | Identified the ring "Waaggofo" {Wiz Fly rPois rN+ Str-4}
 90975 | Vaults:5 | Reached skill level 14 in Throwing
 91108 | Vaults:5 | Identified the +5 glaive "Nenoceo" {drain, rElec rC- SInv}
 91196 | Vaults:5 | Identified the ring of the Failed Coup {rPois rCorr Dex+6}
 91247 | Vaults:5 | Identified the +7 spear of Pain and Death {drain, rPois rN+
                  | Str+4}
 91339 | Vaults:5 | Reached skill level 15 in Shapeshifting
 91703 | Vaults:5 | Noticed a dread lich
 91718 | Vaults:5 | Killed a dread lich
 91855 | Vaults:5 | Reached skill level 16 in Shapeshifting
 91891 | Vaults:5 | Reached XP level 25. HP: 249/249 MP: 22/22
 91967 | Vaults:5 | Identified the +13 plate armour of the Pits of Slime {Harm}
 92313 | Vaults:5 | You add the spells Haunt, Borgnjor's Revivification and
                  | Death's Door to your library.
 92328 | Vaults:5 | You add the spell Summon Blazeheart Golem to your library.
 92376 | Vaults:5 | You add the spell Lehudib's Crystal Spear to your library.
 92428 | Vaults:5 | Identified the +0 chain mail of Xuissage {-Tele rElec rPois
                  | MP+9}
 92652 | Vaults:5 | You add the spell Dispersal to your library.
 92800 | Vaults:5 | Identified the +0 orcbow "Usoala" {flame, rC- Will++ rCorr}
 92803 | Vaults:5 | Identified the +0 pair of boots "Tetas" {-Cast Dex+3
                  | Stlth+}
 92805 | Vaults:5 | Got a silver rune of Zot
 92808 | Vaults:5 | You add the spells Orb of Destruction and Spellforged
                  | Servitor to your library.
 92967 | Vaults:5 | You add the spells Brom's Barrelling Boulder, Iskenderun's
                  | Battlesphere and Fireball to your library.
 93046 | Vaults:5 | magus.rc [v1.11.7]
 93376 | Depths:1 | Voluntarily entered the Abyss.
 93512 | Abyss:1  | Found a corrupted altar of Lugonu.
 93555 | Abyss:2  | Lost mutation: You possess an exceptional clarity of mind.
                  | [a neqoxec]
 93606 | Abyss:3  | Gained mutation: Armour fits poorly on your strangely
                  | shaped body. [a shining eye]
 93608 | Abyss:3  | Gained mutation: You occasionally lose the ability to drink
                  | potions when taking damage. [a shining eye]
 93610 | Abyss:3  | Gained mutation: You have hidden genetic defects. [a
                  | shining eye]
 93646 | Abyss:3  | Lost mutation: Armour fits poorly on your strangely shaped
                  | body. [potion of mutation]
 93646 | Abyss:3  | Lost mutation: You are partially covered in iridescent
                  | scales. (AC +2) [potion of mutation]
 93646 | Abyss:3  | Gained mutation: Your mind is acute. (Int +4, Str/Dex -1)
                  | [potion of mutation]
 93646 | Abyss:3  | Gained mutation: You sometimes lose the ability to drink
                  | potions when taking damage. [potion of mutation]
 93647 | Abyss:3  | Lost mutation: Your mind is acute. (Int +4, Str/Dex -1)
                  | [potion of mutation]
 93647 | Abyss:3  | Lost mutation: You have sharp fingernails. [potion of
                  | mutation]
 93647 | Abyss:3  | Lost mutation: You have hidden genetic defects. [potion of
                  | mutation]
 93647 | Abyss:3  | Gained mutation: You passively map a small area around you.
                  | [potion of mutation]
 93647 | Abyss:3  | Gained mutation: You occasionally shout uncontrollably at
                  | your foes. [potion of mutation]
 93647 | Abyss:3  | Gained mutation: Your spells are a little harder to cast,
                  | but a little more powerful. [potion of mutation]
 93648 | Abyss:3  | Lost mutation: You sometimes lose the ability to drink
                  | potions when taking damage. [potion of mutation]
 93648 | Abyss:3  | Lost mutation: You passively map a small area around you.
                  | [potion of mutation]
 93648 | Abyss:3  | Gained mutation: You are frail. (-10% HP) [potion of
                  | mutation]
 93648 | Abyss:3  | Gained mutation: Armour fits poorly on your strangely
                  | shaped body. [potion of mutation]
 93648 | Abyss:3  | Lost mutation: You occasionally shout uncontrollably at
                  | your foes. [potion of mutation]
 93648 | Abyss:3  | Gained mutation: You expend magic power (3 MP) to
                  | strengthen your wands. [potion of mutation]
 93649 | Abyss:3  | Lost mutation: You expend magic power (3 MP) to strengthen
                  | your wands. [potion of mutation]
 93649 | Abyss:3  | Lost mutation: You are frail. (-10% HP) [potion of
                  | mutation]
 93649 | Abyss:3  | Gained mutation: You have large cloven feet. [potion of
                  | mutation]
 93649 | Abyss:3  | Gained mutation: You are dopey. (Int -2) [potion of
                  | mutation]
 93649 | Abyss:3  | Gained mutation: You are strong-willed. (Will+) [potion of
                  | mutation]
 93650 | Abyss:3  | Lost mutation: You occasionally lose the ability to read
                  | scrolls when taking damage. [potion of mutation]
 93650 | Abyss:3  | Lost mutation: You have large cloven feet. [potion of
                  | mutation]
 93650 | Abyss:3  | Gained mutation: You are covered in fur. (AC +1) [potion of
                  | mutation]
 93650 | Abyss:3  | Gained mutation: You passively dampen the noise of your
                  | surroundings. [potion of mutation]
 93652 | Abyss:3  | Lost mutation: You are covered in fur. (AC +1) [potion of
                  | mutation]
 93652 | Abyss:3  | Lost mutation: You are strong-willed. (Will+) [potion of
                  | mutation]
 93652 | Abyss:3  | Lost mutation: You passively dampen the noise of your
                  | surroundings. [potion of mutation]
 93652 | Abyss:3  | Gained mutation: You are resistant to electric shocks.
                  | (rElec) [potion of mutation]
 93652 | Abyss:3  | Gained mutation: You have a pair of large horns on your
                  | head. [potion of mutation]
 93652 | Abyss:3  | Gained mutation: Your muscles are strong. (Str +4, Int/Dex
                  | -1) [potion of mutation]
 93652 | Abyss:3  | Lost mutation: You are dopey. (Int -2) [potion of mutation]
 93790 | Abyss:4  | Found a corrupted altar of Lugonu.
 93799 | Abyss:4  | Found a corrupted altar of Lugonu.
 93925 | Abyss:4  | Found a corrupted altar of Lugonu.
 94092 | Abyss:4  | Reached skill level 17 in Shapeshifting
 94102 | Abyss:4  | Found a corrupted altar of Lugonu.
 94166 | Abyss:4  | Found a corrupted altar of Lugonu.
 94206 | Abyss:4  | Found a corrupted altar of Lugonu.
 94226 | Depths:1 | You pass through the gate.
 94226 | Depths:1 | Escaped the Abyss
 94228 | Depths:1 | Voluntarily entered the Abyss.
 94488 | Abyss:4  | Found an iron altar of Okawaru.
 94595 | Abyss:4  | Reached skill level 1 in Spellcasting
 94598 | Abyss:4  | Reached skill level 18 in Shapeshifting
 94607 | Abyss:4  | Reached skill level 1 in Earth Magic
 94615 | Abyss:4  | Reached skill level 1 in Translocations
 94615 | Abyss:4  | HP: 44/199 [lurking horror (33)]
 94743 | Abyss:4  | Reached skill level 2 in Spellcasting
 94782 | Abyss:4  | Reached skill level 2 in Earth Magic
 94801 | Abyss:4  | Reached skill level 2 in Translocations
 94821 | Abyss:4  | Reached skill level 3 in Spellcasting
 94852 | Abyss:4  | Reached skill level 3 in Earth Magic
 94890 | Abyss:4  | Reached skill level 4 in Spellcasting
 94893 | Abyss:4  | Reached skill level 3 in Translocations
 94913 | Depths:1 | You pass through the gate.
 94913 | Depths:1 | Escaped the Abyss
 94985 | Depths:1 | Voluntarily entered the Abyss.
 95015 | Abyss:4  | Found a corrupted altar of Lugonu.
 95016 | Abyss:4  | Found a corrupted altar of Lugonu.
 95084 | Abyss:4  | Found a transporter.
 95114 | Abyss:4  | Found a transporter.
 95273 | Abyss:4  | Got an abyssal rune of Zot
 95280 | Abyss:4  | Found a transporter.
 95293 | Abyss:4  | Reached skill level 4 in Earth Magic
 95308 | Abyss:4  | Reached skill level 5 in Spellcasting
 95366 | Depths:1 | You pass through the gate.
 95366 | Depths:1 | Escaped the Abyss
 95438 | Depths:1 | Nemoez invites you to visit their General Store.
 95439 | Depths:1 | Bought a potion of haste for 180 gold pieces
 95439 | Depths:1 | Bought 2 potions of heal wounds for 180 gold pieces
 95439 | Depths:1 | Bought a potion of curing for 54 gold pieces
 95446 | Zig:1    | Entered Level 1 of a ziggurat
 95471 | Zig:2    | Entered Level 2 of a ziggurat
 95489 | Zig:2    | Identified the +9 dagger of Bodily Harmony {flame, rC+
                  | Will+ Str+2}
 95497 | Zig:3    | Entered Level 3 of a ziggurat
 95506 | Zig:3    | Reached skill level 4 in Translocations
 95519 | Zig:3    | Identified the +1 pair of gloves "Xynod" {rF+}
 95535 | Zig:4    | Entered Level 4 of a ziggurat
 95561 | Zig:4    | Reached XP level 26. HP: 251/258 MP: 30/30
 95580 | Zig:4    | You add the spells Sandblast and Stone Arrow to your
                  | library.
 95587 | Zig:4    | Lost mutation: You occasionally lose the ability to drink
                  | potions when taking damage. [potion of mutation]
 95587 | Zig:4    | Lost mutation: Your muscles are strong. (Str +4, Int/Dex
                  | -1) [potion of mutation]
 95587 | Zig:4    | Gained mutation: Your body sometimes deteriorates upon
                  | taking damage. [potion of mutation]
 95589 | Zig:5    | Entered Level 5 of a ziggurat
 95668 | Zig:5    | Identified the +1 leather armour of Weirdness {rF- Int+4}
 95671 | Zig:5    | Identified the +5 broad axe "Kuefunix" {elec, rPois Dex+3}
 95677 | Zig:6    | Entered Level 6 of a ziggurat
 95688 | Zig:6    | Reached skill level 6 in Spellcasting
 95697 | Zig:6    | Reached skill level 5 in Earth Magic
 95722 | Zig:6    | Identified the +9 scimitar of Inquiry {venom, rN+ Str+2}
 95730 | Zig:6    | Identified the ring "Fotsoate" {rF+ Int+4 SInv}
 95751 | Zig:7    | Entered Level 7 of a ziggurat
 95866 | Zig:7    | You add the spells Blink and Momentum Strike to your
                  | library.
 95894 | Zig:8    | Entered Level 8 of a ziggurat
 95904 | Zig:8    | Reached skill level 5 in Translocations
 95911 | Zig:8    | Reached skill level 7 in Spellcasting
 96004 | Zig:8    | Identified the +0 spear "Hydraslayer" {flame, rN+}
 96008 | Zig:8    | You add the spell Vhi's Electric Charge to your library.
 96008 | Zig:8    | Got Sif Muna's Compilation of the Glacier and the Nimbus
 96061 | Zig:9    | Entered Level 9 of a ziggurat
 96069 | Zig:9    | Noticed Jiomiyf the pandemonium lord
 96069 | Zig:9    | Noticed Coelomy the pandemonium lord
 96069 | Zig:9    | Noticed Cyadaed the pandemonium lord
 96069 | Zig:9    | Noticed Elacelec the pandemonium lord
 96070 | Zig:9    | magus.rc [v1.11.7]
 96071 | Zig:9    | Noticed Qihimeck the pandemonium lord
 96078 | Zig:9    | Killed Jiomiyf the pandemonium lord
 96078 | Zig:9    | Killed Elacelec the pandemonium lord
 96097 | Zig:9    | Killed Coelomy the pandemonium lord
 96103 | Zig:9    | Killed Cyadaed the pandemonium lord
 96110 | Zig:9    | Killed Qihimeck the pandemonium lord
 96186 | Zig:9    | You add the spell Irradiate to your library.
 96224 | Zig:10   | Entered Level 10 of a ziggurat
 96231 | Zig:10   | Noticed a caustic shrike
 96239 | Zig:10   | Noticed a caustic shrike
 96248 | Zig:10   | Noticed a caustic shrike
 96251 | Zig:10   | Killed a caustic shrike
 96256 | Zig:10   | Killed a caustic shrike
 96260 | Zig:10   | HP: 56/258 [??? (44)]
 96268 | Zig:10   | Killed a caustic shrike
 96270 | Zig:10   | Identified a potion of experience
 96273 | Zig:10   | Identified the amulet "Totipt" {Faith Harm ^Drain +Blink
                  | rCorr}
 96276 | Zig:10   | Identified the ring "Tevvaoxi" {rElec rCorr}
 96278 | Zig:10   | Reached skill level 8 in Spellcasting
 96278 | Zig:10   | Reached skill level 6 in Translocations
 96278 | Zig:10   | Reached XP level 27. HP: 73/266 MP: 32/34
 96795 | Lair:5   | Bought a potion of magic for 152 gold pieces
 96795 | Lair:5   | Bought 2 potions of curing for 114 gold pieces
 96795 | Lair:5   | Bought a potion of haste for 190 gold pieces
 96795 | Lair:5   | Bought a potion of haste for 190 gold pieces
 96795 | Lair:5   | Bought a potion of experience for 950 gold pieces
 96795 | Lair:5   | Bought 2 potions of brilliance for 152 gold pieces
 96795 | Lair:5   | Bought a potion of heal wounds for 95 gold pieces
 96795 | Lair:5   | Reached skill level 9 in Spellcasting
 96795 | Lair:5   | Reached skill level 7 in Translocations
 97273 | Zot:1    | Entered Level 1 of the Realm of Zot
 97536 | Zot:1    | Reached skill level 10 in Spellcasting
 97672 | Zot:1    | Found the +4 dragonskin cloak
 97672 | Zot:1    | Noticed Tiamat
 97672 | Zot:1    | Tiamat, Avatar of the Dragonlord comes into view. She is
                  | wielding a +4 bardiche of freezing and wearing the +4
                  | dragonskin cloak.
 97698 | Zot:1    | Reached skill level 8 in Translocations
 97753 | Zot:1    | Here: Tiamat, wielding a +4 bardiche of freezing and
                  | wearing the +4 dragonskin cloak (catching her breath)
 97753 | Zot:1    | Here: Tiamat, wielding a +4 bardiche of freezing and
                  | wearing the +4 dragonskin cloak (catching her breath)
 98048 | Zot:1    | Learned a level 4 spell: Vhi's Electric Charge
 98352 | Zot:1    | Reached skill level 9 in Translocations
 98354 | Zot:1    | Aim: Tiamat, wielding a +4 bardiche of freezing and wearing
                  | the +4 dragonskin cloak (poison gas, 75% to hit)
 98354 | Zot:1    | Aim: Tiamat, wielding a +4 bardiche of freezing and wearing
                  | the +4 dragonskin cloak (poison gas, 75% to hit)
 98378 | Zot:1    | Killed Tiamat
 98497 | Zot:2    | Noticed a curse toe
 98498 | Zot:2    | Noticed HotelGloriana's ghost (veteran MiBe)
 98510 | Zot:2    | Found a runed translucent gate.
 98510 | Zot:2    | Found a runed translucent gate.
 98510 | Zot:2    | Found a runed translucent gate.
 98639 | Zot:2    | You add the spell Summon Forest to your library.
 98707 | Zot:2    | Reached skill level 10 in Translocations
 99215 | Zot:2    | Noticed an electric golem
 99230 | Zot:2    | Killed an electric golem
 99493 | Zot:3    | Reached skill level 11 in Translocations
 99917 | Zot:3    | Noticed a curse toe
 99944 | Zot:3    | Killed a curse toe
100050 | Zot:3    | Noticed a curse toe
100069 | Zot:3    | Killed a curse toe
100318 | Zot:3    | Reached skill level 12 in Translocations
100492 | Zot:3    | You add the spell Fugue of the Fallen to your library.
100492 | Zot:3    | Got the Incunabulum of the Charnel House and Distillation
100512 | Zot:3    | Identified the +2 leather armour "Kuvaul" {^Contam rElec
                  | rF- Int+6}
100536 | Zot:3    | Identified the ring "Foschuso" {rPois Str+3 Dex+4 Slay+2}
101203 | Zot:4    | Found Tuetihim's CLEARANCE SALE!.
101209 | Zot:4    | Bought a scroll of revelation for 30 gold pieces
101209 | Zot:4    | Bought a wand of mindburst (5) for 28 gold pieces
101209 | Zot:4    | Bought 2 boomerangs for 16 gold pieces
101258 | Zot:4    | Noticed a curse toe
101283 | Zot:4    | Killed a curse toe
101453 | Zot:4    | Reached skill level 16 in Armour
101760 | Zot:4    | magus.rc [v1.11.7]
101761 | Zot:5    | Entered Level 5 of the Realm of Zot
102257 | Zot:5    | magus.rc [v1.11.7]
102538 | Zot:5    | Noticed an orb of fire
102538 | Zot:5    | Noticed an electric golem
102541 | Zot:5    | Noticed an orb of fire
102541 | Zot:5    | Noticed an orb of fire
102549 | Zot:5    | Noticed an ancient lich
102554 | Zot:5    | Reached skill level 15 in Throwing
102559 | Zot:5    | Killed an electric golem
102566 | Zot:5    | Killed an orb of fire
102691 | Zot:5    | Noticed a dread lich
102712 | Zot:5    | Killed a dread lich
102797 | Zot:5    | Reached skill level 17 in Armour
102987 | Zot:5    | Noticed a dread lich
102999 | Zot:5    | Noticed an orb of fire
103043 | Zot:5    | Killed an orb of fire
103056 | Zot:5    | Killed a dread lich
103060 | Zot:5    | Reached skill level 19 in Shapeshifting
103134 | Zot:5    | Noticed an orb of fire
103135 | Zot:5    | Gained mutation: You are dopey. (Int -2) [an orb of fire]
103147 | Zot:5    | Killed an orb of fire
103236 | Zot:5    | Noticed an orb of fire
103251 | Zot:5    | Noticed an orb of fire
103252 | Zot:5    | Killed an orb of fire
103253 | Zot:5    | Reached skill level 16 in Throwing
103265 | Zot:5    | Killed an orb of fire
103275 | Zot:5    | Noticed an ancient lich
103293 | Zot:5    | Killed an ancient lich
103293 | Zot:5    | Gained mutation: You occasionally shout uncontrollably at
                  | your foes. [an orb of fire]
103299 | Zot:5    | Killed an orb of fire
103449 | Zot:5    | Noticed an electric golem
103460 | Zot:5    | Killed an electric golem
103592 | Zot:5    | Noticed an ancient lich
103599 | Zot:5    | Killed an ancient lich
103700 | Zot:5    | Lost mutation: Armour fits poorly on your strangely shaped
                  | body. [potion of mutation]
103700 | Zot:5    | Lost mutation: You are resistant to electric shocks.
                  | (rElec) [potion of mutation]
103700 | Zot:5    | Gained mutation: Your magical capacity is low. (-10% MP)
                  | [potion of mutation]
103700 | Zot:5    | Lost mutation: You are dopey. (Int -2) [potion of mutation]
103701 | Zot:5    | Lost mutation: You occasionally shout uncontrollably at
                  | your foes. [potion of mutation]
103701 | Zot:5    | Lost mutation: Your spells are a little harder to cast, but
                  | a little more powerful. [potion of mutation]
103701 | Zot:5    | Gained mutation: Your spells are a little easier to cast,
                  | but a little less powerful. [potion of mutation]
103701 | Zot:5    | Gained mutation: Your mind is acute. (Int +4, Str/Dex -1)
                  | [potion of mutation]
103702 | Zot:5    | Lost mutation: Your spells are a little easier to cast, but
                  | a little less powerful. [potion of mutation]
103702 | Zot:5    | Lost mutation: Your magical capacity is low. (-10% MP)
                  | [potion of mutation]
103702 | Zot:5    | Gained mutation: You possess an exceptional clarity of
                  | mind. [potion of mutation]
103702 | Zot:5    | Lost mutation: Your mind is acute. (Int +4, Str/Dex -1)
                  | [potion of mutation]
103702 | Zot:5    | Gained mutation: You are somewhat resistant to further
                  | mutation. [potion of mutation]
103703 | Zot:5    | magus.rc [v1.11.7]
104365 | Lair:5   | Zocepas invites you to visit their Assorted Antiques.
104366 | Lair:5   | Bought a pitted scale mail for 297 gold pieces
104366 | Lair:5   | Identified the +3 scale mail of Boiling Hail {*Corrode
                  | Str+4 SInv Stlth+} (You bought it in a shop on level 5 of
                  | the Lair of Beasts)
104366 | Lair:5   | Bought a potion of heal wounds for 165 gold pieces
104366 | Lair:5   | Bought a wand of quicksilver (2) for 277 gold pieces
105018 | Lair:5   | Fell from the grace of Gozag
105018 | Lair:5   | Became a worshipper of Uskayaw the Reveller
105418 | Crypt:1  | Entered Level 1 of the Crypt
105420 | Crypt:1  | Noticed a dread lich
105421 | Crypt:1  | Noticed a curse skull
105421 | Crypt:1  | Reached * piety under Uskayaw
105426 | Crypt:1  | Reached ** piety under Uskayaw
105429 | Vaults:2 | Reached *** piety under Uskayaw
105430 | Vaults:2 | Killed a dread lich
105431 | Vaults:2 | Reached **** piety under Uskayaw
105433 | Vaults:2 | Reached ***** piety under Uskayaw
105589 | Crypt:1  | Reached skill level 20 in Shapeshifting
105599 | Crypt:1  | Killed a curse skull
105663 | Crypt:1  | Identified the +0 robe of Patience {Rampage +Inv Dex+5}
105726 | Crypt:1  | Reached skill level 1 in Invocations
105749 | Crypt:1  | Reached skill level 2 in Invocations
105751 | Crypt:1  | Reached ****** piety under Uskayaw
105874 | Crypt:1  | Reached skill level 3 in Invocations
106160 | Crypt:2  | Noticed a curse skull
106162 | Crypt:2  | Noticed Vv
106257 | Crypt:2  | Killed Vv
106258 | Crypt:2  | Reached skill level 1 in Air Magic
106404 | Crypt:2  | Reached skill level 2 in Air Magic
106553 | Crypt:2  | Reached skill level 4 in Invocations
106693 | Crypt:2  | Noticed an ancient lich
106714 | Crypt:2  | Killed an ancient lich
106715 | Crypt:2  | Reached skill level 3 in Air Magic
106762 | Crypt:2  | Killed a curse skull
107002 | Crypt:3  | Entered Level 3 of the Crypt
107023 | Crypt:3  | Noticed a curse skull
107027 | Crypt:3  | Killed a curse skull
107045 | Crypt:3  | Reached skill level 4 in Air Magic
107054 | Crypt:3  | Reached skill level 5 in Invocations
107108 | Crypt:3  | Found a staircase to the Tomb.
107481 | Crypt:3  | Noticed a curse toe
107487 | Crypt:3  | Killed a curse toe
107488 | Crypt:3  | Reached skill level 5 in Air Magic
107568 | Crypt:3  | Acquired 721 gold pieces
107574 | Crypt:3  | You add the spell Summon Cactus Giant to your library.
107653 | Crypt:3  | Reached skill level 6 in Invocations
108078 | Crypt:3  | Reached skill level 7 in Invocations
108377 | Tomb:1   | Entered Level 1 of the Tomb of the Ancients
108635 | Tomb:1   | Reached skill level 8 in Invocations
108791 | Tomb:1   | Noticed a royal mummy
108801 | Tomb:1   | Killed a royal mummy
108801 | Tomb:1   | Noticed Boris
108808 | Tomb:1   | Killed Boris
109768 | Hell     | Entered the Vestibule of Hell
109768 | Hell     | Noticed Geryon
109782 | Hell     | Killed Geryon
109783 | Hell     | Reached skill level 21 in Shapeshifting
109802 | Depths:1 | HP: 63/266 [doom hound (19)]
110181 | Zot:5    | Got the Orb of Zot
110233 | Zot:4    | Noticed Yzoedoad the pandemonium lord
110251 | Zot:3    | Reached skill level 9 in Invocations
110377 | Zot:3    | Noticed Xisumn the pandemonium lord
110985 | D:10     | Reached skill level 10 in Invocations
111405 | D:10     | Noticed Cyssad the pandemonium lord
111622 | D:9      | Reached skill level 11 in Invocations
111714 | D:9      | Noticed Oneob the pandemonium lord
111795 | D:8      | Noticed Utreid the pandemonium lord
111799 | D:7      | Killed Jeremiah
112279 | D:7      | Noticed Nuhochep the pandemonium lord
112545 | D:6      | Noticed Geddurph the pandemonium lord
112612 | D:5      | Noticed Faucouw the pandemonium lord
112787 | D:4      | Noticed Qaco the pandemonium lord
113058 | D:3      | Noticed Ipliseg the pandemonium lord
113077 | D:3      | Killed Ipliseg the pandemonium lord
113078 | D:3      | Reached skill level 12 in Invocations
113352 | D:3      | Noticed a seraph
113362 | D:3      | Killed a seraph
113432 | D:3      | Noticed Zoxkoj the pandemonium lord
113450 | D:3      | Killed Zoxkoj the pandemonium lord
113706 | D:3      | Noticed Rerphegabb the pandemonium lord
113715 | D:3      | Killed Rerphegabb the pandemonium lord
113980 | D:3      | Noticed Ywinolas the pandemonium lord
113991 | D:3      | Killed Ywinolas the pandemonium lord
114180 | D:3      | Reached skill level 22 in Shapeshifting
114388 | D:3      | Reached skill level 13 in Invocations
114404 | D:3      | Reached skill level 13 in Translocations
114643 | D:2      | Noticed Feghaeny the pandemonium lord
115604 | D:1      | Noticed Maank the pandemonium lord
115612 | D:1      | Killed Maank the pandemonium lord
115781 | D:1      | Reached skill level 14 in Invocations
115836 | D:1      | Was forgiven by Gozag
115897 | D:$      | Escaped with the Orb!

Vanquished Creatures
  the Royal Jelly (Slime:5)
  A seraph (D:3)
  Tiamat (Zot:1)
  5 dread liches
  3 ancient liches
  5 orbs of fire (Zot:5)
  Mara (Vaults:4)
  3 juggernauts
  Mennas (Vaults:3)
  7 pandemonium lords
  Sojobo (Vaults:3)
  Xtahua (Vaults:3)
  Vv (Crypt:2)
  A royal mummy (Tomb:1)
  Josephina (Depths:2)
  Bai Suzhen (Vaults:2)
  Boris (thrice) (Vaults:1 Depths:3 Tomb:1)
  2 Killer Klowns (Zot:5)
  A shard shrike (Zig:7)
  7 caustic shrikes
  2 antique champions (WizLab)
  Saint Roka (Vaults:2)
  4 curse toes
  10 golden dragons
  Geryon (Hell)
  Nikola (Vaults:1)
  Jory (Vaults:2)
  4 bone dragons
  2 profane servitors
  Norris (Vaults:1)
  A doom hound (Depths:1)
  4 Tzitzimimeh
  4 hellephants
  2 electric golems
  6 Brimstone Fiends
  Jorgrun (D:12)
  5 Hell Sentinels
  2 Ice Fiends
  7 liches
  39 Orb Guardians
  18 tentacled monstrosities
  4 titans
  A shard shrike skeleton (Crypt:3)
  A kraken (Abyss:1)
  6 quicksilver dragons
  A walking divine tome (Abyss:4)
  3 walking frostbound tomes
  3 deep elf master archers (Elf:3)
  2 deep elf blademasters (Elf:3)
  Polyphemus (Shoals:2)
  21 acid blobs
  11 tentacled starspawn
  6 Executioners
  8 death cobs
  14 ancient champions
  14 sphinxes
  The ghost of Zipteul the Fencer, an adept NaBe of Trog (Shoals:2)
  Agnes (D:14)
  Kirke (Shoals:1)
  19 shadow dragons
  12 tengu reavers
  Donald (Lair:2)
  Aizul (Snake:2)
  10 azure jellies
  2 revenants
  21 nagarajas
  13 storm dragons
  2 daevas
  4 draconian knights
  4 draconian monks
  12 rockslimes
  10 fire giants
  5 draconian shifters
  8 protean progenitors
  3 curse skulls
  4 iron dragons
  5 draconian scorchers
  4 deep elf sorcerers
  2 quicksilver elementals (Zig:10)
  8 balrugs
  7 ghost moths
  6 cacodemons
  10 vault wardens
  9 frost giants
  3 deep elf elementalists (Elf:3)
  3 imperial myrmidons (Desolation)
  4 reapers
  A juggernaut zombie (Crypt:3)
  7 draconian annihilators
  11 ghouls
  3 draconian stormcallers
  2 orc warlords
  3 demonspawn corrupters
  21 ironbound preservers
  A caustic shrike zombie (Crypt:2)
  3 angels
  14 formless jellyfish
  13 quicksilver oozes
  12 stone giants
  A juggernaut skeleton (WizLab)
  11 ironbound thunderhulks
  43 very ugly things
  6 caustic shrike skeletons (Crypt:3)
  7 vampire knights
  10 green draconians
  12 white draconians
  2 deep elf demonologists (Elf:3)
  6 lorocyprocas
  A halazid warlock (Desolation)
  9 red draconians
  7 black draconians
  3 demonspawn black suns
  9 deep elf death magi
  2 bunyips (Zot:2)
  4 dire elephants
  13 spark wasps
  5 war gargoyles
  4 yellow draconians
  6 purple draconians
  11 deep elf annihilators
  9 blizzard demons
  4 crystal guardians
  18 ettins
  5 green deaths
  10 jiangshi
  13 merfolk impalers
  2 entropy weavers
  3 ragged hierophants (Desolation)
  6 merfolk javelineers
  2 eidola (Crypt:1)
  4 mummy priests (Tomb:1)
  9 fire dragons
  7 deep elf high priests
  2 spriggan zombies
  16 great orbs of eyes
  8 ice dragons
  12 yaktaur captains
  A quicksilver dragon skeleton (Crypt:2)
  30 vault guards
  3 servants of whispers (Desolation)
  A catoblepas (Shoals:2)
  17 ironbound frosthearts
  8 peacekeepers
  A caustic shrike simulacrum (Depths:2)
  4 salamander tyrants
  6 rakshasas
  An ogre mage (D:15)
  An anaconda (shapeshifter) (Vaults:5)
  6 hydras
  2 spriggan skeletons (Crypt:3)
  3 hell beasts
  8 centaur warriors
  9 two-headed ogres
  A bennu zombie (Crypt:1)
  2 alligator snapping turtles
  A merfolk avatar (Shoals:3)
  4 merfolk aquamancers (Shoals:4)
  3 death yaks (Shoals:2)
  2 spriggan air magi (Depths:2)
  5 death knights
  16 naga warriors
  30 starcursed masses
  A two-headed ogre (shapeshifter) (Vaults:5)
  6 dancing weapons
  A satyr (Shoals:3)
  5 tengu warriors
  12 anacondas
  7 boulder beetles
  10 death scarabs (Tomb:1)
  An Orb Guardian skeleton (Crypt:2)
  3 deep troll shamans
  8 vampire magi
  3 occultists
  4 orc high priests
  6 deep troll earth magi
  24 thrashing horrors (Abyss:4)
  3 spriggan berserkers
  Urug (D:13)
  A storm dragon zombie (WizLab)
  A titan zombie (Crypt:2)
  12 shock serpents
  19 naga sharpshooters
  15 hell knights
  5 soul eaters
  A spriggan (Depths:2)
  Amaemon (D:11)
  24 sun demons
  2 iron trolls
  3 titan skeletons (Crypt:3)
  5 wretched stars (Abyss:4)
  6 deep elf knights
  7 sixfirhies
  9 skysharks
  5 shadow demons
  Lodul (D:13)
  3 salamander mystics (Snake:4)
  37 skeletal warriors
  6 sea snakes
  A storm dragon skeleton (WizLab)
  2 anaconda zombies
  60 deep trolls
  2 goliath frogs (Zot:2)
  9 flayed ghosts
  A spatial maelstrom (Abyss:4)
  15 glowing orange brains
  14 mana vipers
  A cherub (D:3)
  93 slime creatures
  3 arcanists
  A spriggan simulacrum (Abyss:4)
  2 bunyip skeletons
  A snapping turtle (shapeshifter) (Vaults:5)
  13 ironbound convokers
  6 lindwurms
  18 harpies
  17 deep elf pyromancers
  2 steelbarb worms (shapeshifter)
  6 naga ritualists
  10 necromancers
  12 deep elf archers
  11 orc knights
  27 deep elf zephyrmancers
  2 golden dragon skeletons (WizLab)
  13 phantasmal warriors
  2 stone giant zombies
  14 shining eyes
  An iron giant skeleton (Crypt:3)
  27 ugly things
  19 fauns
  Maurice (D:12)
  2 will-o-the-wisps (Abyss:4)
  26 large abominations
  8 manticores
  10 orc sorcerers
  8 salamanders
  An iron dragon skeleton (Crypt:3)
  7 cyclopes
  4 toenail golems
  7 apocalypse crabs
  2 draconians (Abyss:4)
  23 moths of wrath
  5 worldbinders (Abyss:4)
  6 meliai (D:15)
  6 water nymphs
  30 naga magi
  14 vault sentinels
  46 black mambas
  An alligator skeleton (Crypt:2)
  An eleionoma skeleton (Crypt:1)
  12 guardian serpents
  6 merfolk sirens
  A stone giant skeleton (Crypt:2)
  10 eyes of devastation
  A moth of wrath (shapeshifter) (Vaults:5)
  10 orange demons
  A naga zombie (Tomb:1)
  10 elephants
  2 centaur zombies
  A human skeleton (Vaults:5)
  20 smoke demons
  Joseph (D:7)
  5 rust devils
  2 centaur skeletons
  7 naga skeletons
  11 cane toads
  A water nymph (shapeshifter) (Abyss:4)
  5 molten gargoyles
  A kobold demonologist (Elf:1)
  Jeremiah (D:7)
  A dire elephant skeleton (Crypt:3)
  A green draconian zombie (Crypt:3)
  3 rime drakes
  An unseen horror (D:10)
  An alligator snapping turtle zombie (Crypt:2)
  A pale draconian zombie (Crypt:1)
  6 tormentors
  An unseen horror (shapeshifter) (Depths:3)
  8 hellions
  21 yaktaurs
  2 gargoyles (D:11)
  A minotaur zombie (Crypt:3)
  10 ancient zymes (Abyss:4)
  2 ice devils
  4 efreet
  5 tengu conjurers
  15 komodo dragons
  9 freezing wraiths
  6 guardian mummies (Tomb:1)
  Psyche (D:12)
  A black draconian skeleton (Crypt:3)
  24 merfolk
  8 trolls
  A harpy zombie (Crypt:2)
  7 red devils
  A shadow dragon simulacrum (Vaults:5)
  2 tarantellas (Vaults:5)
  3 harpy skeletons (Crypt:3)
  9 hellwings
  4 hornets
  Grinder (D:5)
  5 glass eyes
  21 raiju
  A blink frog (shapeshifter) (Abyss:4)
  42 saltlings
  2 tyrant leeches (Zot:5)
  7 wind drakes
  14 blink frogs
  4 dream sheep (Lair:3)
  2 frost giant simulacra (Depths:2)
  A centaur simulacrum (D:15)
  8 snapping turtles
  Sigmund (D:5)
  A black mamba zombie (Crypt:2)
  A shadow (Abyss:4)
  2 ushabtiu (Tomb:1)
  3 ettin skeletons
  3 vampires
  19 water elementals
  10 air elementals
  4 wyverns
  9 wraiths
  6 fire elementals
  10 ynoxinuls
  A fire bat (Abyss:3)
  11 neqoxecs
  A steam dragon (Lair:2)
  A wind drake skeleton (Crypt:1)
  5 hogs (Shoals:1)
  16 golden eyes
  12 basilisks
  Grum (Lair:1)
  39 yaks
  2 wargs (Orc:2)
  3 redbacks
  6 vampire mosquitoes
  Menkaure (D:4)
  8 chaos spawn
  46 nagas
  7 small abominations
  3 spatial vortices (Abyss:4)
  A glowing shapeshifter zombie (Crypt:1)
  3 two-headed ogre skeletons
  3 acid dragons
  A merfolk skeleton (Crypt:1)
  A glowing shapeshifter skeleton (Crypt:1)
  13 water moccasins
  Duvessa (D:7)
  31 orc warriors
  13 hell hounds
  A meliai simulacrum (D:15)
  A swamp drake (D:11)
  An ice beast (D:7)
  A sky beast (D:6)
  A sky beast (shapeshifter) (Vaults:5)
  An ettin simulacrum (Depths:2)
  2 black bears
  2 boggarts
  39 laughing skulls
  2 swamp dragon zombies (WizLab)
  14 wolves
  3 centaurs
  15 ogres
  A snapping turtle skeleton (Crypt:3)
  A rime drake zombie (Crypt:1)
  4 slime creature simulacra (IceCv)
  2 weeping skulls (Abyss:4)
  17 bullfrogs
  10 kobold brigands
  5 elf zombies
  A hog skeleton (Crypt:3)
  An earth elemental (Elf:3)
  2 glowing shapeshifter simulacra (IceCv)
  7 necrophages
  3 two-headed ogre simulacra (WizLab)
  2 scorpions (D:6)
  A wyvern zombie (Crypt:1)
  19 wights
  A wyvern skeleton (Crypt:3)
  Dowan (D:7)
  5 killer bees
  A shapeshifter zombie (Crypt:1)
  A swamp dragon simulacrum (WizLab)
  4 howler monkeys
  12 electric eels
  5 lava snakes (Lair:5)
  3 bombardier beetles
  A quasit (Abyss:4)
  6 hounds
  5 human zombies
  2 gnoll boudas
  14 orc priests
  2 sleepcaps (D:5)
  2 iron imps (Abyss:4)
  14 jellies
  A spectral scorpion (Ossuary)
  5 iguanas
  Terence (D:2)
  14 orc wizards
  A boggart zombie (Crypt:3)
  4 hell rats (Lair:1)
  2 crocodile zombies (Ossuary)
  A bullfrog simulacrum (Ossuary)
  3 spectral hounds (Ossuary)
  6 mummies
  25 gnolls
  10 adders
  A howler monkey skeleton (Crypt:3)
  6 hound simulacra (Ossuary)
  13 white imps
  3 spectral adders (Ossuary)
  3 spectral gnolls (Ossuary)
  An adder zombie (Crypt:2)
  2 adder simulacra (Ossuary)
  75 orcs
  4 ball pythons
  9 bats
  11 endoplasms
  2 giant cockroaches
  3 gnoll zombies (Ossuary)
  2 goblins
  12 hobgoblins
  6 jackals (D:3)
  5 quokkas
  6 frilled lizards
  A frilled lizard skeleton (Crypt:3)
  A frilled lizard zombie (Crypt:2)
  A gnoll simulacrum (Ossuary)
  A goblin skeleton (Crypt:3)
  A jackal simulacrum (Ossuary)
  56 kobolds
  6 kobold zombies (Ossuary)
  7 orc zombies (Ossuary)
  4 rats
  3 aspiring fleshes
  A butterfly (D:4)
  2 lurking horrors (Abyss:4)
  A spectral weapon (D:14)
  8 starspawn tentacles (Abyss:4)
  5 tentacles (Abyss:1)
3130 creatures vanquished.

Vanquished Creatures (collateral kills)
  3 caustic shrikes
  A Killer Klown (Zot:5)
  6 Orb Guardians (Zot:5)
  An imperial myrmidon (Desolation)
  A purple draconian (Zot:5)
  An obsidian statue (Zot:5)
  3 ugly things (Depths:2)
  2 moths of wrath (Zot:5)
  A smoke demon (Hell)
  A saltling (Desolation)
  An orc warrior (Orc:1)
  An ogre (Orc:2)
  6 orcs
28 creatures vanquished.

Vanquished Creatures (others)
  2 orbs of fire (Zot:5)
  An ancient lich (Zot:5)
  2 Killer Klowns
  A caustic shrike (Depths:3)
  An electric golem (Zot:5)
  3 pandemonium lords
  A tentacled monstrosity (Zot:5)
  2 Orb Guardians (Zot:5)
  A protean progenitor (Zig:9)
  A fire giant (Depths:3)
  2 draconian stormcallers (Zot:5)
  A red draconian (Zot:1)
  A yellow draconian (Zot:3)
  A white draconian (Zot:5)
  A black draconian (Zot:5)
  A salamander (Snake:4)
  An apocalypse crab (Zig:9)
  An eye of devastation (Zig:9)
  A naga mage (Snake:4)
  A troll (Orc:1)
  2 small abominations (Abyss:4)
  2 golden eyes (Abyss:4)
  A steam dragon (shapeshifter) (Vaults:5)
  A naga (Snake:4)
  A swamp worm (shapeshifter) (Zig:9)
  An orc warrior (Orc:2)
  3 orc wizards (Orc:1)
  4 orcs
  2 foxfires (Abyss:4)
  20 starspawn tentacles (Abyss:4)
  4 tentacles (Abyss:1)
67 creatures vanquished.

Grand Total: 3225 creatures vanquished

Table legend:
 A = Non-vault XP
 B = Vault XP
 C = Vault XP percentage of total XP
 D = Non-vault monster count
 E = Vault monster count
 F = Vault count percentage of total count
                 A         B        C        D         E       F
            +---------+---------+-------+---------+---------+-------
      Total | 1035535 |  808103 |  43.8 |    1883 |    1025 |  35.2
            +---------+---------+-------+---------+---------+-------
        D:1 |      20 |       0 |   0.0 |      13 |       0 |   0.0
        D:2 |      59 |      36 |  37.9 |      16 |       1 |   5.9
        D:3 |      60 |     736 |  92.5 |      22 |      55 |  71.4
        D:4 |     152 |     502 |  76.8 |      17 |       4 |  19.0
        D:5 |     533 |     767 |  59.0 |      13 |       7 |  35.0
        D:6 |     935 |       0 |   0.0 |      25 |       0 |   0.0
        D:7 |    1020 |    1034 |  50.3 |      34 |       4 |  10.5
        D:8 |     708 |       0 |   0.0 |      13 |       0 |   0.0
        D:9 |    2568 |     244 |   8.7 |      26 |       2 |   7.1
       D:10 |    2912 |       0 |   0.0 |      24 |       0 |   0.0
       D:11 |    4908 |    3647 |  42.6 |      16 |      10 |  38.5
       D:12 |    7208 |    2779 |  27.8 |      12 |       3 |  20.0
       D:13 |    9633 |    3485 |  26.6 |      33 |      10 |  23.3
       D:14 |    8761 |    6695 |  43.3 |      13 |       7 |  35.0
       D:15 |   10615 |    5232 |  33.0 |      26 |       9 |  25.7
     Lair:1 |    6473 |     658 |   9.2 |      36 |       5 |  12.2
     Lair:2 |    5066 |    3061 |  37.7 |      17 |      17 |  50.0
     Lair:3 |    7134 |     317 |   4.3 |      25 |       2 |   7.4
     Lair:4 |    6366 |    1376 |  17.8 |      24 |       4 |  14.3
     Lair:5 |    6272 |    9285 |  59.7 |      15 |      38 |  71.7
   Shoals:1 |   22507 |    2374 |   9.5 |      41 |       6 |  12.8
   Shoals:2 |    4623 |    6311 |  57.7 |      10 |       6 |  37.5
   Shoals:3 |   21505 |       0 |   0.0 |      43 |       0 |   0.0
   Shoals:4 |    7833 |   22006 |  73.7 |      14 |      44 |  75.9
    Snake:1 |   12983 |    1478 |  10.2 |      28 |       2 |   6.7
    Snake:2 |    7827 |   14230 |  64.5 |      12 |      21 |  63.6
    Snake:3 |   17105 |    4853 |  22.1 |      34 |      10 |  22.7
    Snake:4 |   23911 |   46014 |  65.8 |      47 |      58 |  55.2
    Slime:1 |   10066 |       0 |   0.0 |      16 |       0 |   0.0
    Slime:2 |   14571 |     603 |   4.0 |      26 |      10 |  27.8
    Slime:3 |   12765 |    2490 |  16.3 |      21 |       3 |  12.5
    Slime:4 |    9496 |       0 |   0.0 |      19 |       0 |   0.0
    Slime:5 |   22457 |   24706 |  52.4 |      39 |      18 |  31.6
      Orc:1 |    3473 |       0 |   0.0 |      41 |       0 |   0.0
      Orc:2 |    6398 |   12918 |  66.9 |      51 |      31 |  37.8
      Elf:1 |    7300 |    9532 |  56.6 |      13 |      16 |  55.2
      Elf:2 |    5881 |    3242 |  35.5 |      10 |       5 |  33.3
      Elf:3 |   16919 |   36395 |  68.3 |      31 |      34 |  52.3
   Vaults:1 |   33235 |   25144 |  43.1 |      51 |      28 |  35.4
   Vaults:2 |   13351 |   44218 |  76.8 |      21 |      44 |  67.7
   Vaults:3 |   20773 |   16470 |  44.2 |      27 |       8 |  22.9
   Vaults:4 |   34407 |   12638 |  26.9 |      49 |      11 |  18.3
   Vaults:5 |   19921 |  115624 |  85.3 |      30 |     101 |  77.1
    Crypt:1 |   17870 |   13573 |  43.2 |      40 |      17 |  29.8
    Crypt:2 |   29242 |    8701 |  22.9 |      45 |       3 |   6.2
    Crypt:3 |   17715 |   39729 |  69.2 |      29 |      59 |  67.0
     Tomb:1 |   14469 |   17498 |  54.7 |      20 |      18 |  47.4
   Depths:1 |   17710 |   11441 |  39.2 |      20 |       8 |  28.6
   Depths:2 |   31952 |    8733 |  21.5 |      36 |       9 |  20.0
   Depths:3 |   53229 |   41201 |  43.6 |      47 |      34 |  42.0
   Depths:4 |   42886 |   23027 |  34.9 |      43 |      22 |  33.8
       Hell |     776 |    3865 |  83.3 |       1 |       4 |  80.0
      Zot:1 |   31621 |   15892 |  33.4 |      26 |      11 |  29.7
      Zot:2 |   28554 |    2508 |   8.1 |      26 |       2 |   7.1
      Zot:3 |   35230 |   31888 |  47.5 |      32 |      20 |  38.5
      Zot:4 |   30050 |       0 |   0.0 |      26 |       0 |   0.0
      Zot:5 |   37726 |   91778 |  70.9 |      37 |      38 |  50.7
    Abyss:1 |    4724 |    1624 |  25.6 |       6 |       1 |  14.3
    Abyss:2 |    1389 |       0 |   0.0 |      10 |       0 |   0.0
    Abyss:3 |    2080 |       0 |   0.0 |       7 |       0 |   0.0
    Abyss:4 |  123799 |   14445 |  10.4 |     244 |      19 |   7.2
      Zig:1 |     641 |       0 |   0.0 |       3 |       0 |   0.0
      Zig:2 |    2322 |       0 |   0.0 |       2 |       0 |   0.0
      Zig:3 |    4020 |       0 |   0.0 |       3 |       0 |   0.0
      Zig:4 |    4168 |       0 |   0.0 |       5 |       0 |   0.0
      Zig:5 |    6471 |       0 |   0.0 |       6 |       0 |   0.0
      Zig:6 |    4514 |       0 |   0.0 |       8 |       0 |   0.0
      Zig:7 |   10230 |       0 |   0.0 |       8 |       0 |   0.0
      Zig:8 |    9515 |       0 |   0.0 |      14 |       0 |   0.0
      Zig:9 |    6747 |       0 |   0.0 |       6 |       0 |   0.0
     Zig:10 |   10434 |       0 |   0.0 |       7 |       0 |   0.0
    Ossuary |       0 |     822 | 100.0 |       0 |      48 | 100.0
      IceCv |       0 |    1695 | 100.0 |       0 |       9 | 100.0
     WizLab |   24741 |    6624 |  21.1 |      32 |       5 |  13.5
 Desolation |       0 |   31959 | 100.0 |       0 |      64 | 100.0
            +---------+---------+-------+---------+---------+-------

Skill      XL: |  1  2  3  4  5  6  7  8  9 10 11 12 13 14 15 16 17 18 19 20 21 22 23 24 25 26 27 |
---------------+----------------------------------------------------------------------------------+-----
Fighting       | 2 3 4 5 6 7 9 10 11 12 13 15 18 20 21 22 23 24 25 | 25.0
Unarmed Combat | 4 5 6 7 9 10 11 13 15 16 18 20 21 22 23 24 | 24.0
Armour         | 2 3 4 6 7 8 9 11 13 14 15 17 | 17.0
Dodging        | 3 4 5 6 8 9 11 12 14 | 14.0
Evocations     | 2 4 5 7 11 | 11.0
Shapeshifting  | 6 9 11 12 13 14 16 18 22 | 22.0
Throwing       | 2 5 6 7 11 14 16 | 16.0
Shields        | 4 15 21 23 24 | 24.0
Spellcasting   | 5 8 10 | 10.0
Earth Magic    | 4 5 |  5.0
Translocations | 4 6 13 | 13.7
Invocations    | 14 | 14.2
Air Magic      | 5 |  5.0

Action                     |  1- 3 |  4- 6 |  7- 9 | 10-12 | 13-15 | 16-18 | 19-21 | 22-24 | 25-27 || total
---------------------------+-------+-------+-------+-------+-------+-------+-------+-------+-------++-------
  Melee: Unarmed           |    71 |   178 |   286 |   537 |   899 |  1007 |  1441 |  1537 |  3116 ||  9072
         Headbutt          |     8 |    32 |    54 |   115 |   187 |   201 |   441 |   492 |   773 ||  2303
         Punch             |       |     7 |    18 |    47 |    72 |    95 |   101 |       |       ||   340
         Constrict         |       |       |       |       |       |     9 |       |       |       ||     9
  Throw: Dart              |     2 |       |     4 |    38 |    14 |       |       |       |       ||    58
         Stone             |       |    10 |    56 |    45 |    15 |       |       |       |       ||   126
         Boomerang         |       |       |       |     2 |       |       |       |    45 |    70 ||   117
         Throwing net      |       |       |       |       |       |       |     1 |       |     2 ||     3
   Cast: Apportation       |       |       |       |       |       |       |       |       |    14 ||    14
         Manifold Assault  |       |       |       |       |       |       |       |       |   546 ||   546
         Vhi's Electric Ch |       |       |       |       |       |       |       |       |    15 ||    15
 Invoke: Potion Petition   |       |       |       |     1 |     2 |     2 |     1 |     1 |     6 ||    13
         Call Merchant     |       |       |       |       |     2 |     2 |     2 |     3 |     2 ||    11
         Bribe Branch      |       |       |       |       |       |       |       |       |     1 ||     1
         Stomp             |       |       |       |       |       |       |       |       |     1 ||     1
  Evoke: Wand              |       |       |       |    27 |    29 |    32 |     6 |     8 |    38 ||   140
         Phial of floods   |       |       |       |       |       |       |     1 |       |       ||     1
         Sack of spiders   |       |       |       |       |       |       |     3 |     1 |     2 ||     6
         Lightning rod     |       |       |       |       |       |       |     1 |     6 |    10 ||    17
         Tin of tremorston |       |       |       |       |       |       |       |     5 |     3 ||     8
    Use: Scroll            |       |       |     8 |     9 |    13 |     4 |     8 |    12 |    18 ||    72
         Potion            |       |       |     1 |     3 |     2 |     5 |     5 |     3 |    36 ||    55
   Stab: Distracted        |       |       |       |     3 |     4 |     2 |     5 |    11 |    12 ||    37
         Invisible         |       |       |       |       |       |     1 |       |       |       ||     1
         Held in net/web   |       |       |       |       |       |       |     1 |       |     2 ||     3
         Confused          |       |       |       |       |       |       |     1 |       |       ||     1
         Paralysed         |       |       |       |       |       |       |       |       |    82 ||    82
         Petrified         |       |       |       |       |       |       |       |       |     4 ||     4
         Petrifying        |       |       |       |       |       |       |       |       |     3 ||     3
 Armour: Animal skin       |    24 |       |       |       |       |       |       |       |       ||    24
         Ring mail         |     5 |    81 |   143 |   314 |   106 |       |       |   148 |   581 ||  1378
         Chain mail        |       |       |       |       |   389 |   642 |   696 |   294 |       ||  2021
         Leather armour    |       |       |       |       |    18 |       |       |       |       ||    18
         Skin              |       |       |       |       |       |    33 |       |       |     9 ||    42
         Plate armour      |       |       |       |       |       |       |       |       |   320 ||   320
  Dodge: Dodged            |    46 |    67 |   159 |   240 |   429 |   764 |   594 |   421 |   553 ||  3273
  Block: Tower shield      |       |       |       |       |       |       |   542 |   902 |  1461 ||  2905
   Form: Beast             |     1 |       |       |       |       |       |       |       |       ||     1
                           |       |       |       |     1 |     2 |     1 |       |       |       ||     4
         Blade             |       |       |       |       |     3 |     1 |       |       |       ||     4
         Serpent           |       |       |       |       |     1 |     1 |       |       |       ||     2

Illustrated notes

Table legend:
 A = Kills in this place as a percentage of kills in the entire game.
 B = Kills by you in this place as a percentage of kills by you in the entire game.
 C = Kills by friends in this place as a percentage of kills by friends in the entire game.
 D = Other kills in this place as a percentage of other kills in the entire game.
 E = Experience gained in this place as a percentage of experience gained in the entire game.
 F = Experience gained in this place divided by the number of levels of this place that you have seen.
                   A       B       C       D       E      F
               +-------+-------+-------+-------+-------+----------------------
         Total | 100.0 | 100.0 | 100.0 | 100.0 | 100.0 | 26810.0
       Dungeon |  19.5 |  19.7 |   0.0 |  11.1 |  13.5 | 18528.8
          Lair |   5.9 |   5.9 |   0.0 |   0.0 |   2.2 | 9201.6
        Shoals |   5.3 |   5.3 |   0.0 |   0.0 |   4.2 | 21789.8
     Snake Pit |   6.8 |   6.8 |   0.0 |  11.1 |   6.2 | 32100.2
    Slime Pits |   4.9 |   4.9 |   0.0 |   0.0 |   4.7 | 19430.8
  Orcish Mines |   3.9 |   3.7 |  28.6 |   0.0 |   1.1 | 11394.5
   Elven Halls |   3.5 |   3.5 |   0.0 |   0.0 |   3.8 | 26423.0
        Vaults |  11.9 |  12.0 |   0.0 |   0.0 |  16.3 | 67156.2
         Crypt |   6.2 |   6.3 |   0.0 |   0.0 |   6.1 | 42276.7
          Tomb |   1.2 |   1.2 |   0.0 |   0.0 |   1.5 | 31967.0
        Depths |   7.1 |   7.0 |  21.4 |  11.1 |  11.3 | 58518.5
          Hell |   0.2 |   0.1 |   3.6 |   0.0 |   0.2 | 4641.0
           Zot |   7.6 |   7.1 |  39.3 |  55.6 |  15.5 | 63880.0
         Abyss |   9.2 |   9.3 |   0.0 |   0.0 |   7.2 | 24676.8
      Ziggurat |   2.0 |   2.0 |   0.0 |  11.1 |   2.9 | 5906.2
       Ossuary |   1.5 |   1.6 |   0.0 |   0.0 |   0.0 | 822.0
      Ice Cave |   0.3 |   0.3 |   0.0 |   0.0 |   0.1 | 1695.0
        Wizlab |   1.2 |   1.2 |   0.0 |   0.0 |   1.5 | 31365.0
    Desolation |   2.0 |   2.0 |   7.1 |   0.0 |   1.5 | 31959.0
               +-------+-------+-------+-------+-------+----------------------

Table legend: (Time is in decaauts)
 A = Elapsed time spent in this place.
 B = Non-inter-level travel time spent in this place.
 C = Inter-level travel time spent in this place.
 D = Time resting spent in this place.
 E = Time spent auto-exploring this place.
 F = Levels seen in this place.
 G = Mean time per level.
                   A        B        C        D        E       F      G
               +--------+--------+--------+--------+--------+-----+--------+
         Total | 112852 |  97309 |  15543 |  20164 |  54596 |  77 | 1465.6 |
       Dungeon |  32807 |  25809 |   6998 |   6536 |  14979 |  15 | 2187.1 |
          Lair |  11676 |   8842 |   2834 |    996 |   6392 |   5 | 2335.2 |
        Shoals |   7347 |   6874 |    473 |   1679 |   3618 |   4 | 1836.8 |
     Snake Pit |  10545 |   9632 |    913 |   2026 |   6259 |   4 | 2636.2 |
    Slime Pits |   4484 |   4030 |    454 |    217 |   2226 |   5 |  896.8 |
  Orcish Mines |   3200 |   2582 |    618 |    640 |   1307 |   2 | 1600.0 |
   Elven Halls |   6217 |   5479 |    738 |   2047 |   2428 |   3 | 2072.3 |
        Vaults |  10903 |  10267 |    636 |   1099 |   6666 |   5 | 2180.6 |
         Crypt |   2760 |   2572 |    188 |     78 |   1676 |   3 |  920.0 |
          Tomb |   1035 |   1001 |     34 |     73 |    449 |   1 | 1035.0 |
        Depths |   7221 |   6406 |    815 |    853 |   4286 |   4 | 1805.2 |
          Hell |     12 |     12 |      0 |      0 |      0 |   1 |   12.0 |
           Zot |   6625 |   5788 |    837 |    974 |   2829 |   5 | 1325.0 |
         Abyss |   1636 |   1636 |      0 |    234 |    188 |   6 |  272.7 |
      Ziggurat |    770 |    770 |      0 |     56 |    395 |  10 |   77.0 |
       Ossuary |   2149 |   2149 |      0 |   1413 |    169 |   1 | 2149.0 |
      Ice Cave |   1081 |   1081 |      0 |    702 |     17 |   1 | 1081.0 |
        Wizlab |    865 |    865 |      0 |    172 |    142 |   1 |  865.0 |
    Desolation |   1511 |   1511 |      0 |    363 |    567 |   1 | 1511.0 |
               +--------+--------+--------+--------+--------+-----+--------+

Top non-repeatable levels by time:
 Snake:4: 4373 daAuts
    D:11: 3816 daAuts
     D:3: 3520 daAuts
   Elf:3: 3121 daAuts
  Lair:5: 3043 daAuts
 Snake:3: 2805 daAuts
Vaults:1: 2790 daAuts
  Lair:2: 2695 daAuts
    D:15: 2598 daAuts
     D:9: 2513 daAuts
    D:13: 2409 daAuts
Vaults:5: 2369 daAuts
  Lair:3: 2339 daAuts
   Orc:2: 2308 daAuts
    D:12: 2300 daAuts
